Workbook

Sheet 事業者情報
I2: 簡易 ver1.3
J4: 事 業 者 情 報
E7: 事業者情報
F9: 住 所
F10: 氏 名
F11: 電話番号
F12: 個人・法人番号
C20: ※修正が加わることがあります。年末調整の時期に公式サイトの修正情報を確認してください。
C21: ※白いセルには保護がかかっています。色のついたセルに入力してください。
C22: ※このファイルの使用により生じたいかなる損失に対しても、当事務所は責任を負いません。
C23: ※再配布禁止
C26: 公式サイト

Sheet 従業員情報
I1: 従 業 員 情 報
D3: 年末調整の要否
E5: 要
D9: 従業員情報
E11: フリガナ
E12: 氏 名
E13: 役職
E14: 受給者番号
E16: 郵便番号 | J16: -
E17: 住 所
E19: 個人番号
E21: 生年月日 | H21: 元号 | L21: 年 | N21: 月 | P21: 日
L22: 3 | N22: 4 | P22: 5
E24: 種 別 | H24: 給 料
E26: 扶養控除等（異動）申告書の提出
E29: 中途 就退職 | H29: 就職 | K29: 退職 | N29: 年 | Q29: 月 | T29: 日
E33: 給与所得以外の所得の合計額 | N33: 他に給与所得がある場合には含めることができません。確定申告で清算してください。

Sheet 給与金額
B1: 給 与 金 額
C3: 給料 | N3: 賞与
C4: 月区分 | D4: 支給 月日 | F4: 総支給金額 | G4: 社会保険料等の 控除額 | H4: 社会保険料等控除後の給与等の金額 | I4: 扶養親族等の数 | J4: 算出税額 | K4: 年末調整による 過不足税額 | L4: 差引 徴収税額 | N4: 月区分 | O4: 支給 月日 | Q4: 総支給金額 | R4: 社会保険料等の 控除額 | S4: 社会保険料等控除後の給与等の金額 | T4: 扶養親族等の数 | U4: 算出税額 | X4: 年末調整による過不足税額 | Y4: 差引 徴収税額
U5: ％ | W5: 税額 | AP5: 1 | AQ5: =SUMIF($O$6:$O$9,AP5,$Q$6) -> 0 | AS5: =SUMIF($O$6:$O$9,AP5,$W$6) -> 0
C6: 1 | D6: 1 | H6: =F6-G6 -> 0 | L6: =J6+K6 -> 0 | S6: =Q6-R6 -> 0 | V6: ％ | Y6: =W6+X6 -> 0 | AP6: 2 | AQ6: =SUMIF($O$6:$O$9,AP6,$Q$6) -> 0 | AS6: =SUMIF($O$6:$O$9,AP6,$W$6) -> 0
C7: 2 | D7: 2 | H7: =F7-G7 -> 0 | L7: =J7+K7 -> 0 | S7: =Q7-R7 -> 0 | V7: ％ | Y7: =W7+X7 -> 0 | AP7: 3 | AQ7: =SUMIF($O$6:$O$9,AP7,$Q$6) -> 0 | AS7: =SUMIF($O$6:$O$9,AP7,$W$6) -> 0
C8: 3 | D8: 3 | H8: =F8-G8 -> 0 | L8: =J8+K8 -> 0 | S8: =Q8-R8 -> 0 | V8: ％ | Y8: =W8+X8 -> 0 | AP8: 4 | AQ8: =SUMIF($O$6:$O$9,AP8,$Q$6) -> 0 | AS8: =SUMIF($O$6:$O$9,AP8,$W$6) -> 0
C9: 4 | D9: 4 | H9: =F9-G9 -> 0 | L9: =J9+K9 -> 0 | N9: 計 | Q9: =SUM(Q6:Q8) -> 0 | R9: =SUM(R6:R8) -> 0 | S9: =SUM(S6:S8) -> 0 | W9: =W6+W7+W8 -> 0 | AP9: 5 | AQ9: =SUMIF($O$6:$O$9,AP9,$Q$6) -> 0 | AS9: =SUMIF($O$6:$O$9,AP9,$W$6) -> 0
C10: 5 | D10: 5 | H10: =F10-G10 -> 0 | L10: =J10+K10 -> 0 | AP10: 6 | AQ10: =SUMIF($O$6:$O$9,AP10,$Q$6) -> 0 | AS10: =SUMIF($O$6:$O$9,AP10,$W$6) -> 0
C11: 6 | D11: 6 | H11: =F11-G11 -> 0 | L11: =J11+K11 -> 0 | AP11: 7 | AQ11: =SUMIF($O$6:$O$9,AP11,$Q$6) -> 0 | AS11: =SUMIF($O$6:$O$9,AP11,$W$6) -> 0
C12: 7 | D12: 7 | H12: =F12-G12 -> 0 | L12: =J12+K12 -> 0 | AP12: 8 | AQ12: =SUMIF($O$6:$O$9,AP12,$Q$6) -> 0 | AS12: =SUMIF($O$6:$O$9,AP12,$W$6) -> 0
C13: 8 | D13: 8 | H13: =F13-G13 -> 0 | L13: =J13+K13 -> 0 | N13: 前職分 | Q13: 支払金額 | R13: 社会保険料等の金額 | S13: 源泉徴収税額 | AP13: 9 | AQ13: =SUMIF($O$6:$O$9,AP13,$Q$6) -> 0 | AS13: =SUMIF($O$6:$O$9,AP13,$W$6) -> 0
C14: 9 | D14: 9 | H14: =F14-G14 -> 0 | L14: =J14+K14 -> 0 | AP14: 10 | AQ14: =SUMIF($O$6:$O$9,AP14,$Q$6) -> 0 | AS14: =SUMIF($O$6:$O$9,AP14,$W$6) -> 0
C15: 10 | D15: 10 | H15: =F15-G15 -> 0 | L15: =J15+K15 -> 0 | Q15: 前職分の給料がある場合には、必ず従業員情報シートの中途就職欄に〇と就職日を記載 | AP15: 11 | AQ15: =SUMIF($O$6:$O$9,AP15,$Q$6) -> 0 | AS15: =SUMIF($O$6:$O$9,AP15,$W$6) -> 0
C16: 11 | D16: 11 | H16: =F16-G16 -> 0 | L16: =J16+K16 -> 0 | Q16: してください。また、年末調整1シートの摘要欄に前職情報を記載してください。 | AP16: 12 | AQ16: =SUMIF($O$6:$O$9,AP16,$Q$6) -> 0 | AS16: =SUMIF($O$6:$O$9,AP16,$W$6) -> 0
C17: 12 | D17: 12 | H17: =F17-G17 -> 0 | L17: =J17+K17 -> 0 | Q17: この前職分の支払金額等は源泉徴収簿の１月の欄に表示されます。
F18: =SUM(F6:F17)+Q14 -> 0 | G18: =SUM(G6:G17)+R14 -> 0 | H18: =SUM(H6:H17)+Q14-R14 -> 0 | J18: =SUM(J6:J17)+S14 -> 0
C21: 納期特例用集計
G22: 人員 | H22: 支給金額 | J22: 算出税額 | R22: 人員 | S22: 支給金額 | U22: 算出税額
C23: 給料 | F23: 1月～6月計 | G23: =COUNTA(F6:F11) -> 0 | H23: =SUM(F6:F11) -> 0 | J23: =SUM(J6:J11) -> 0 | N23: 賞与 | Q23: 1月～6月計 | R23: =COUNTIF(O6:O8,"<7") -> 0 | S23: =SUM(AQ5:AQ10) -> 0 | U23: =SUM(AS5:AS10) -> 0
F24: 7月～12月計 | G24: =COUNTA(F12:F17) -> 0 | H24: =SUM(F12:F17) -> 0 | J24: =SUM(J12:J17) -> 0 | Q24: 7月～12月計 | R24: =COUNTIF(O6:O8,">6") -> 0 | S24: =SUM(AQ11:AQ16) -> 0 | U24: =SUM(AS11:AS16) -> 0

Sheet 年末調整1
B1: 年 末 調 整 1
B2: 本 人 関 係
C5: 未成年者 | E5: 外国人 | G5: 死亡退職 | I5: 災害者 | K5: 乙欄 | M5: 本人が障害者 | Q5: 寡婦 | S5: ひとり親 | U5: 勤労学生
M6: 特別 | O6: その他
M9: 400000 | O9: 270000 | Q9: 270000 | S9: 350000 | U9: 270000
M12: =IF(M10="○",M9,0) -> 0 | O12: =IF(O10="○",O9,0) -> 0 | Q12: =IF(AND(Q10="○",年末調整2!N10+従業員情報!I33<=5000000),Q9,0) -> 0 | S12: =IF(AND(S10="○",年末調整2!N10+従業員情報!I33<=5000000),S9,0) -> 0 | U12: =IF(AND(U10="○",年末調整2!N10+従業員情報!I33<=890000,従業員情報!I33<=100000),U9,0) -> 0
B14: 所得金額調整控除
C17: 所得金額調整控除の要件に該当するか
B22: 配 偶 者 関 係
AI23: 参考）配偶者の収入が給与収入のみの場合の、配偶者の合計所得金額
C25: 配偶者控除又は配偶者特別控除の 適用を受けるか | AN25: 配偶者の給与収入金額 | BS25: 00
AV26: ↓ | BS26: 01
AN27: 配偶者の合計所得金額 | AT27: ='給与所得 (配偶者)'!H27 -> 0 | BS27: 02
BS28: 03
BS29: 04
C30: 上で「受ける」を選択した場合には、合計所得金額を記入してください。空欄の場合0円と判定されます。 | BS30: 10
C31: 配偶者の合計所得金額 | T31: 円 | BS31: 20
BS32: 30
BS33: 40
BS34: 50
BS35: 60
C36: 配偶者氏名 | P36: 区分 | R36: 個 人 番 号 | AE36: 12月31日現在の 配偶者の年齢 | AP36: 歳 | BS36: 70
C37: （フリガナ） | BS37: 80
C38: 氏 名 | BS38: 90
BS39: 11
P40: =IF(OR(P37="",P37="00"),"","非居住者") | BS40: 21
BS41: 31
C42: 配偶者控除の種類 | L42: 配偶者控除の額 | V42: 配偶者特別控除の額 | BS42: 41
C43: =IF(年末調整2!N10<=10000000,IF(O25="受ける",IF(AND(O31>620000,O31<=1330000),"配偶者特別控除",IF(AND(O31<=620000,AL36<70),"一般の控除対象配偶者",IF(AND(O31<=620000,AL36>=70),"老人控除対象配偶者","適用なし"))),"適用なし"),"適用なし") -> 適用なし | BS43: 51
L44: =E46+G46 -> 0 | V44: =IF(C43="配偶者特別控除",保険料控除!I44,0) -> 0 | BS44: 61
S45: 円 | AC45: 円 | BS45: 71
E46: =IF(C43="一般の控除対象配偶者",保険料控除!I29,0) -> 0 | G46: =IF(C43="老人控除対象配偶者",保険料控除!I30,0) -> 0 | BS46: 81
BS47: 91
B49: 扶 養 関 係
C52: 控除対象扶養親族
P54: 扶養控除の種類 | V54: 区分 | X54: 個 人 番 号
C55: 1 | D55: （フリガナ）
D56: 氏 名 | AK56: =IF(OR(V55="01",V55="02",V55="03",V55="04",V55="11",V55="21",V55="31",V55="41",V55="51",V55="61",V55="71",V55="81",V55="91"),"非居住者","")
C58: 2 | D58: （フリガナ）
D59: 氏 名 | AK59: =IF(OR(V58="01",V58="02",V58="03",V58="04",V58="11",V58="21",V58="31",V58="41",V58="51",V58="61",V58="71",V58="81",V58="91"),"非居住者","") | BC59: 控除対象扶養親族の数
BC60: （配偶者を除く）
C61: 3 | D61: （フリガナ） | BC61: 特定扶養親族 | BE61: 老 人 | BI61: その他の扶養親族 | BK61: 特定親族特別控除
D62: 氏 名 | AK62: =IF(OR(V61="01",V61="02",V61="03",V61="04",V61="11",V61="21",V61="31",V61="41",V61="51",V61="61",V61="71",V61="81",V61="91"),"非居住者","") | BE62: 同居 老親等 | BG62: 同居老親以外
C64: 4 | D64: （フリガナ） | BC64: 630000 | BE64: 580000 | BG64: 480000 | BI64: 380000
D65: 氏 名 | AK65: =IF(OR(V64="01",V64="02",V64="03",V64="04",V64="11",V64="21",V64="31",V64="41",V64="51",V64="61",V64="71",V64="81",V64="91"),"非居住者","") | BC65: =COUNTIF($P$55:$U$72,"特定扶養親族") -> 0 | BE65: =COUNTIF($P$55:$U$72,"同居老親等") -> 0 | BG65: =COUNTIF($P$55:$U$72,"老人扶養親族（同居老親以外）") -> 0 | BI65: =COUNTIF($P$55:$U$72,"一般の扶養親族") -> 0 | BK65: =COUNTIF($P$55:$U$72,"特定親族特別控除") -> 0
C67: 5 | D67: （フリガナ） | BC67: =BC64*BC65 -> 0 | BE67: =BE64*BE65 -> 0 | BG67: =BG64*BG65 -> 0 | BI67: =BI64*BI65 -> 0
D68: 氏 名 | AK68: =IF(OR(V67="01",V67="02",V67="03",V67="04",V67="11",V67="21",V67="31",V67="41",V67="51",V67="61",V67="71",V67="81",V67="91"),"非居住者","")
C70: 6 | D70: （フリガナ）
D71: 氏 名 | AK71: =IF(OR(V70="01",V70="02",V70="03",V70="04",V70="11",V70="21",V70="31",V70="41",V70="51",V70="61",V70="71",V70="81",V70="91"),"非居住者","")
C74: １６歳未満の扶養親族 | AQ74: ※１６歳未満扶養親族が５人以上いる場合には対応していません。
V76: 区分 | X76: 個 人 番 号 | BC76: 16歳未満扶養親族
C77: 1 | D77: （フリガナ）
D78: 氏 名 | AK78: =IF(V77="01","非居住者","")
BC79: 人
C80: 2 | D80: （フリガナ） | BC80: =COUNTA(G77:G88) -> 0
D81: 氏 名 | AK81: =IF(V80="01","非居住者","")
C83: 3 | D83: （フリガナ）
D84: 氏 名 | AK84: =IF(V83="01","非居住者","")
C86: 4 | D86: （フリガナ）
D87: 氏 名 | AK87: =IF(V86="01","非居住者","")
C91: 特定親族特別控除額 | T91: 円 | V91: 特定親族特別控除額は自動計算されません。
V92: ↑の扶養控除等の種類欄で「特定親族特別控除」を選択した上で、左の特定親族特別控除額を
V93: 入力してください。
B96: 控除対象配偶者・扶養親族のうちの障害者の人数
C99: 特別障害者 | K99: その他の 障害者 | Q99: ※ 控除対象配偶者・扶養親族のうち、障害者に該当する人数を入力してください。
Q100: ※ 本人を含みません。
C101: 同居特別 | G101: 特別 | Q101: ※ １６歳未満扶養親族を含みます。
C103: 750000 | G103: 400000 | K103: 270000
C106: =C103*C104 -> 0 | G106: =G103*G104 -> 0 | K106: =K103*K104 -> 0
B108: 社会保険料関係
C111: 申告による社会保険料の控除分 | U111: 円 | AA111: 給料から天引きした小規模企業共済等掛金の金額 | AS111: 円
C114: 上記のうち国民年金保険料等の金額 | U114: 円 | AA114: 申告による小規模企業共済等掛金の控除分 | AS114: 円
B122: 生命保険料・地震保険料関係
AA123: 23歳未満の扶養親族の有無 | AP123: NEW
BD124: 控除額 | BJ124: 控除額
BD125: =保険料控除!L3 -> 0 | BI125: 地震 | BJ125: =保険料控除!H18 -> 0
N126: 支払金額 | AL126: 支払金額 | BC126: 一般
C127: 新一般生命保険料の金額 | U127: 円 | AA127: 地震保険料の金額 | AS127: 円 | BI127: 旧長期 | BJ127: =保険料控除!H20 -> 0
C129: 旧一般生命保険料の金額 | U129: 円 | AA129: 旧長期損害保険料の金額 | AS129: 円 | BC129: 介護 | BD129: =保険料控除!K7 -> 0 | BJ129: =MIN(BJ125+BJ127,50000) -> 0
C131: 介護医療保険料の金額 | U131: 円 | BC131: 年金 | BD131: =保険料控除!K12 -> 0
AA132: ※一の契約に基づく地震保険と旧長期損害保険を同時には使えません。
C133: 新個人年金保険料の金額 | U133: 円
AA134: ※控除額ではなく、支払い金額を入力
C135: 旧個人年金保険料の金額 | U135: 円 | BC135: 合計 | BD135: =MIN(BD125+BD129+BD131,120000) -> 0
B141: 住宅ローン関係
BS142: 住
BS143: 住（特）
BS144: 住（特特）
C145: 住宅借入金等特別控除適用数 | AA145: 住宅借入金等年末残高 | AR145: 円 | BS145: 住（特特特）
BS146: 住（特家）
BS147: 認
C148: 住宅借入金等特別控除区分 | AA148: 住宅借入金等特別控除可能額 | AR148: 円 | BS148: 認（特）
BS149: 認（特特）
BS150: 認（特特特）
C151: 居住開始年月日 | N151: 年 | Q151: 月 | S151: 日 | BS151: 認（特家）
BS152: 震
BS153: 震（特特）
BS154: 震（特特特）
BS155: 震（特家）
C157: 摘 要
...

Sheet 保険料控除
A1: 一般
B2: 新 | C2: =年末調整1!N127 -> 0 | D2: =IF(C2<=20000,C2,0) -> 0 | E2: =IF(AND(C2>=20001,C2<=40000),C2/2+10000,0) -> 0 | F2: =IF(AND(C2>=40001,C2<=80000),C2/4+20000,0) -> 0 | G2: =IF(C2>=80001,40000,0) -> 0 | H2: =ROUNDUP(SUM(D2:G2),0) -> 0 | J2: =MIN(H2+H5,40000) -> 0 | K2: =ROUNDUP(MAX(J2,H5),0) -> 0
B3: 新（２３歳未満扶養親族有）（６万） | C3: =年末調整1!N127 -> 0 | D3: =IF($C$3<=30000,$C$3,0) -> 0 | E3: =IF(AND($C$3>=30001,$C$3<=60000),$C$3/2+15000,0) -> 0 | F3: =IF(AND($C$3>=60001,$C$3<=120000),$C$3/4+30000,0) -> 0 | G3: =IF($C$3>=120001,60000,0) -> 0 | H3: =ROUNDUP(SUM(D3:G3),0) -> 0 | J3: =MIN(H3+H5,60000) -> 0 | K3: =ROUNDUP(J3,0) -> 0 | L3: =IF(年末調整1!AL123="有",保険料控除!K3,保険料控除!K2) -> 0
B5: 旧 | C5: =年末調整1!N129 -> 0 | D5: =IF(C5<=25000,C5,0) -> 0 | E5: =IF(AND(C5>=25001,C5<=50000),C5/2+12500,0) -> 0 | F5: =IF(AND(C5>=50001,C5<=100000),C5/4+25000,0) -> 0 | G5: =IF(C5>=100001,50000,0) -> 0 | H5: =ROUNDUP(SUM(D5:G5),0) -> 0
A7: 介護 | C7: =年末調整1!N131 -> 0 | D7: =IF(C7<=20000,C7,0) -> 0 | E7: =IF(AND(C7>=20001,C7<=40000),C7/2+10000,0) -> 0 | F7: =IF(AND(C7>=40001,C7<=80000),C7/4+20000,0) -> 0 | G7: =IF(C7>=80001,40000,0) -> 0 | H7: =SUM(D7:G7) -> 0 | K7: =ROUNDUP(H7,0) -> 0
A11: 個人年金
B12: 新 | C12: =年末調整1!N133 -> 0 | D12: =IF(C12<=20000,C12,0) -> 0 | E12: =IF(AND(C12>=20001,C12<=40000),C12/2+10000,0) -> 0 | F12: =IF(AND(C12>=40001,C12<=80000),C12/4+20000,0) -> 0 | G12: =IF(C12>=80001,40000,0) -> 0 | H12: =ROUNDUP(SUM(D12:G12),0) -> 0 | J12: =MIN(H12+H13,40000) -> 0 | K12: =ROUNDUP(MAX(J12,H13),0) -> 0
B13: 旧 | C13: =年末調整1!N135 -> 0 | D13: =IF(C13<=25000,C13,0) -> 0 | E13: =IF(AND(C13>=25001,C13<=50000),C13/2+12500,0) -> 0 | F13: =IF(AND(C13>=50001,C13<=100000),C13/4+25000,0) -> 0 | G13: =IF(C13>=100001,50000,0) -> 0 | H13: =ROUNDUP(SUM(D13:G13),0) -> 0
A18: 地震 | C18: =年末調整1!AL127 -> 0 | H18: =ROUNDUP(MIN(C18,50000),0) -> 0
A20: 旧長期 | C20: =年末調整1!AL129 -> 0 | D20: =IF(C20<=10000,C20,0) -> 0 | E20: =MIN(IF(C20>10000,C20/2+5000,0),15000) -> 0 | H20: =ROUNDUP(SUM(D20:E20),0) -> 0
A22: 配偶者控除
A23: 給与所得 | B23: =年末調整2!N10 -> 0
A24: その他所得 | B24: =従業員情報!I33 -> 0
A25: 計 | B25: =SUM(B23:B24) -> 0
C27: 900万円以下 | E27: 900万円超 | G27: 950万円超 | I27: 控除額
A28: ６２万円以下 | E28: 950万円以下 | G28: 1,000万円以下
A29: 一般 | B29: =IF(年末調整1!$O$31<=620000,B25) -> 0 | C29: =IF(B29<=9000000,380000,0) -> 380000 | E29: =IF(AND(B29>9000000,B29<=9500000),260000,0) -> 0 | G29: =IF(AND(B29>9500000,B29<=10000000),130000,0) -> 0 | I29: =C29+E29+G29 -> 380000
A30: 老人控除対象配偶者 | B30: =IF(年末調整1!$O$31<=620000,B25) -> 0 | C30: =IF(B30<=9000000,480000,0) -> 480000 | E30: =IF(AND(B30>9000000,B30<=9500000),320000,0) -> 0 | G30: =IF(AND(B30>9500000,B30<=10000000),160000,0) -> 0 | I30: =C30+E30+G30 -> 480000
A32: 配偶者特別控除
A34: 62~95 | B34: =IF(AND(年末調整1!$O$31>620000,年末調整1!$O$31<=950000),B25) -> FALSE | C34: =IF(B34<=9000000,380000,0) -> 0 | E34: =IF(AND(B34>9000000,B34<=9500000),260000,0) -> 0 | G34: =IF(AND(B34>9500000,B34<=10000000),130000,0) -> 0 | I34: =C34+E34+G34 -> 0
A35: 95~100 | B35: =IF(AND(年末調整1!$O$31>950000,年末調整1!$O$31<=1000000),B25) -> FALSE | C35: =IF(B35<=9000000,360000,0) -> 0 | E35: =IF(AND(B35>9000000,B35<=9500000),240000,0) -> 0 | G35: =IF(AND(B35>9500000,B35<=10000000),120000,0) -> 0 | I35: =C35+E35+G35 -> 0
A36: 100~105 | B36: =IF(AND(年末調整1!$O$31>1000000,年末調整1!$O$31<=1050000),B25) -> FALSE | C36: =IF(B36<=9000000,310000,0) -> 0 | E36: =IF(AND(B36>9000000,B36<=9500000),210000,0) -> 0 | G36: =IF(AND(B36>9500000,B36<=10000000),110000,0) -> 0 | I36: =C36+E36+G36 -> 0
A37: 105~110 | B37: =IF(AND(年末調整1!$O$31>1050000,年末調整1!$O$31<=1100000),B25) -> FALSE | C37: =IF(B37<=9000000,260000,0) -> 0 | E37: =IF(AND(B37>9000000,B37<=9500000),180000,0) -> 0 | G37: =IF(AND(B37>9500000,B37<=10000000),90000,0) -> 0 | I37: =C37+E37+G37 -> 0
A38: 110~115 | B38: =IF(AND(年末調整1!$O$31>1100000,年末調整1!$O$31<=1150000),B25) -> FALSE | C38: =IF(B38<=9000000,210000,0) -> 0 | E38: =IF(AND(B38>9000000,B38<=9500000),140000,0) -> 0 | G38: =IF(AND(B38>9500000,B38<=10000000),70000,0) -> 0 | I38: =C38+E38+G38 -> 0
A39: 115~120 | B39: =IF(AND(年末調整1!$O$31>1150000,年末調整1!$O$31<=1200000),B25) -> FALSE | C39: =IF(B39<=9000000,160000,0) -> 0 | E39: =IF(AND(B39>9000000,B39<=9500000),110000,0) -> 0 | G39: =IF(AND(B39>9500000,B39<=10000000),60000,0) -> 0 | I39: =C39+E39+G39 -> 0
A40: 120~125 | B40: =IF(AND(年末調整1!$O$31>1200000,年末調整1!$O$31<=1250000),B25) -> FALSE | C40: =IF(B40<=9000000,110000,0) -> 0 | E40: =IF(AND(B40>9000000,B40<=9500000),80000,0) -> 0 | G40: =IF(AND(B40>9500000,B40<=10000000),40000,0) -> 0 | I40: =C40+E40+G40 -> 0
A41: 125~130 | B41: =IF(AND(年末調整1!$O$31>1250000,年末調整1!$O$31<=1300000),B25) -> FALSE | C41: =IF(B41<=9000000,60000,0) -> 0 | E41: =IF(AND(B41>9000000,B41<=9500000),40000,0) -> 0 | G41: =IF(AND(B41>9500000,B41<=10000000),20000,0) -> 0 | I41: =C41+E41+G41 -> 0
A42: 130~133 | B42: =IF(AND(年末調整1!$O$31>1300000,年末調整1!$O$31<=1330000),B25) -> FALSE | C42: =IF(B42<=9000000,30000,0) -> 0 | E42: =IF(AND(B42>9000000,B42<=9500000),20000,0) -> 0 | G42: =IF(AND(B42>9500000,B42<=10000000),10000,0) -> 0 | I42: =C42+E42+G42 -> 0
I44: =SUM(I34:I43) -> 0
A45: 基礎控除 | C45: 給与所得金額 | E45: =年末調整2!N10 -> 0
C46: その他の所得金額 | E46: =従業員情報!I33 -> 0
A47: 合計所得金額 | E47: =SUM(E45:E46) -> 0
B48: 132万円以下 | C48: 1040000 | E48: =IF(E47<=1320000,C48,0) -> 1040000
A49: 132万円超 | B49: 336万円以下 | C49: 1040000 | E49: =IF(AND(1320000<E47,E47<=3360000),C49,0) -> 0
A50: 336万円超 | B50: 489万円以下 | C50: 1040000 | E50: =IF(AND(3360000<E47,E47<=4890000),C50,0) -> 0
A51: 489万円超 | B51: 655万円以下 | C51: 670000 | E51: =IF(AND(4890000<E47,E47<=6550000),C51,0) -> 0
A52: 655万円超 | B52: 2350万円以下 | C52: 620000 | E52: =IF(AND(6550000<E47,E47<=23500000),C52,0) -> 0
A53: 2350万円超 | B53: 2400万円以下 | C53: 480000 | E53: =IF(AND(23500000<E47,E47<=24000000),C53,0) -> 0
A54: 2400万円超 | B54: 2450万円以下 | C54: 320000 | E54: =IF(AND(24000000<E47,E47<=24500000),C54,0) -> 0
A55: 2450万円超 | B55: 2500万円以下 | C55: 160000 | E55: =IF(AND(24500000<E47,E47<=25000000),C55,0) -> 0
A56: 2500万円超 | C56: 0 | E56: =0 -> 0
E58: =SUM(E48:E57) -> 1040000

Sheet 年末調整2
B1: 年 末 調 整 2
AE2: ※ この画面で所得控除額を直接入力することはできません。
C3: 税額計算 | AE3: 生命保険料控除等は「年末調整1」シートから入力してください。
C4: 区 分 | M4: 金 額 | T4: 税 額
C5: 給 料 ･ 手 当 等 | M5: ① | N5: =給与金額!F18 -> 0 | T5: ③ | U5: =給与金額!J18 -> 0 | AE5: ※ ライセンスキー未入力の場合、税額計算されません。
C6: 賞 与 等 | M6: ④ | N6: =給与金額!Q9 -> 0 | T6: ⑥ | U6: =給与金額!W9 -> 0
C7: 計 | M7: ⑦ | N7: =SUM(N5:S6) -> 0 | T7: ⑧ | U7: =SUM(U5:AA6) -> 0
C8: 給与所得控除後の給与等の金額 | M8: ⑨ | N8: =IF(従業員情報!E5="否","",給与所得!H27) -> 0
C9: 所得金額調整控除額 | M9: ⑩ | N9: =IF(従業員情報!E5="否","",IF(年末調整1!O17="該当する",MIN(ROUNDUP(MAX((年末調整2!N7-8500000)*0.1,0),0),150000),0)) -> 0
C10: 給与所得控除後の給与等の金額（調整控除後） | M10: ⑪ | N10: =IF(従業員情報!E5="否","",N8-N9) -> 0
C11: 社会保険料控除額 | E11: 給与等からの控除分（②+⑤） | M11: ⑫ | N11: =給与金額!G18+給与金額!R9 -> 0
E12: 申告による社会保険料の控除分 | M12: ⑬ | N12: =IF(従業員情報!E5="否","",年末調整1!N111) -> 0
E13: 申告による小規模企業共済等掛金の控除分 | M13: ⑭ | N13: =IF(従業員情報!E5="否","",年末調整1!AL114) -> 0
C14: 生命保険料の控除額 | M14: ⑮ | N14: =IF(従業員情報!E5="否","",年末調整1!BD135) -> 0
C15: 地震保険料の控除額 | M15: ⑯ | N15: =IF(従業員情報!E5="否","",年末調整1!BJ129) -> 0
C16: 配偶者(特別)控除額 | M16: ⑰ | N16: =IF(従業員情報!E5="要",年末調整1!V44+年末調整1!L44,"") -> 0
C17: 特定親族特別控除額 | M17: ⑱ | N17: =IF(従業員情報!E5="否","",年末調整1!O91) -> 0
C18: 扶養控除額及び障害者等の控除額の合計額 | N18: =IF(従業員情報!E5="要",年末調整1!M12+年末調整1!O12+年末調整1!Q12+年末調整1!S12+年末調整1!U12+年末調整1!BC67+年末調整1!BE67+年末調整1!BG67+年末調整1!BI67+年末調整1!C106+年末調整1!G106+年末調整1!K106,"") -> 0
C20: 基礎控除額 | M20: ⑲ | N20: =IF(従業員情報!E5="否","",保険料控除!E58) -> 1040000
C21: 所得控除額の合計額 | M21: ⑳ | N21: =IF(従業員情報!E5="否","",SUM(N11:S20)) -> 1040000
C22: (⑫+⑬+⑭+⑮+⑯＋⑰＋⑱＋⑲)
C23: 差引課税給与所得金額(⑪-⑳)及び算出年税額 | M23: ㉑ | N23: （1,000円未満切捨て) | T23: ㉒ | U23: =IF(従業員情報!E5="否","",税額!G23) -> 0
N24: =IF(従業員情報!E5="否","",IF(Sheet1!B1="yes",MAX(ROUNDDOWN(N10-N21,-3),0),0)) -> 0
C25: （特定増改築等）住宅借入金等特別控除額 | T25: ㉓ | U25: =IF(従業員情報!E5="否","",年末調整1!AL148) -> 0
C26: 年調所得税額（㉒-㉓） | T26: ㉔ | U26: =IF(従業員情報!E5="否","",MAX(U23-U25,0)) -> 0
C27: 年調年税額(㉑×102.1） | T27: ㉕ | U27: （100円未満切捨て）
U28: =IF(従業員情報!E5="否","",MAX(ROUNDDOWN(U26*1.021,-2),0)) -> 0
C29: 差引超過額又は不足額(㉕-⑧) | N29: =IF(従業員情報!E5="要",IF(U28-U7=0,"",IF(U28-U7>0,"不足額","超過額")),"") | T29: ㉖ | U29: =IF(従業員情報!E5="否","",IF(U28-U7>0,U28-U7,-(U28-U7))) -> 0
C30: 超過額の精算 | F30: 本年最後の給与から徴収する税額に充当する金額 | T30: ㉗
F31: 未払給与に係る未徴収の税額に充当する金額 | T31: ㉘
F32: 差引還付する金額 | M32: （㉖-㉗-㉘） | T32: ㉙ | U32: =IF(U7>U28,U29-U30-U31,"")
F33: 同上のうち | I33: 本年中に還付する金額 | T33: ㉚
I34: 翌年において還付する金額 | T34: ㉛
C35: 不足額の精算 | F35: 本年最後の給与から徴収する金額 | T35: ㉜
F36: 翌年に繰り越して徴収する金額 | T36: ㉝
C38: 前年の年末調整に基づき繰り越した過不足金額 | AB38: 円
C39: 同上の税額につき還付又は徴収した月区分 | I39: 月別 | K39: 還付又は徴収した税額 | O39: 差引残高 | S39: 月別 | U39: 還付又は徴収した税額 | Y39: 差引残高
J40: 月 | N40: 円 | R40: 円 | T40: 月 | X40: 円 | AB40: 円

Sheet 源泉徴収簿
B4: =IF(年末調整1!K10="○","＝","") | T4: =従業員情報!H13 -> 0 | AM4: =従業員情報!H16 -> 0 | AQ4: =従業員情報!K16 -> 0 | CA4: =従業員情報!H11 -> 0 | CL4: =従業員情報!L11 -> 0
CA6: =従業員情報!H12 -> 0 | CL6: =従業員情報!L12 -> 0
AJ7: =従業員情報!H17 -> 0
B8: =IF(年末調整1!K10="○","","＝") -> ＝
CB10: =IF(従業員情報!$H$22="大正","○",) -> 0 | CC10: =IF(従業員情報!$H$22="昭和","○",) -> 0 | CD10: =IF(従業員情報!$H$22="令和","○",) -> 0 | CE10: =IF(従業員情報!$H$22="平成","○",) -> 0 | CF10: =IF(従業員情報!$H$22="令和","○",) -> 0 | CG10: =IF(従業員情報!$H$22="令和","○",) -> 0 | CH10: =IF(従業員情報!$H$22="令和","○",) -> 0 | CK10: =従業員情報!L22 -> 3 | CO10: =従業員情報!N22 -> 4 | CR10: =従業員情報!P22 -> 5
BY28: =IF(Sheet1!$B$1="yes",,"ＳＡＭＰＬＥ") -> ＳＡＭＰＬＥ
BP37: =IF(従業員情報!M26="有","○","")
J38: =給与金額!D6 -> 1 | K38: =給与金額!E6 -> 0 | M38: =給与金額!F6+給与金額!Q14 -> 0 | U38: =給与金額!G6+給与金額!R14 -> 0 | AB38: =給与金額!H6+給与金額!Q14-給与金額!R14 -> 0 | AK38: =給与金額!I6 -> 0 | AP38: =給与金額!J6+給与金額!S14 -> 0 | AY38: =給与金額!K6 -> 0 | BD38: =AP38+AY38 -> 0
B42: 8
BP45: =IF(従業員情報!M26="無","○","")
J48: =給与金額!D7 -> 2 | K48: =給与金額!E7 -> 0 | M48: =給与金額!F7 -> 0 | U48: =給与金額!G7 -> 0 | AB48: =給与金額!H7 -> 0 | AK48: =給与金額!I7 -> 0 | AP48: =給与金額!J7 -> 0 | AY48: =給与金額!K7 -> 0 | BD48: =給与金額!L7 -> 0
BY49: =38*年末調整1!BI65 -> 0 | CA49: =63*年末調整1!BC65 -> 0 | CG49: =58*年末調整1!BE65 -> 0 | CK49: =48*年末調整1!BG65 -> 0 | CO49: =IF(年末調整1!O10="○",27,0)+年末調整1!K104*27 -> 0 | CS49: =IF(年末調整1!M10="○",40,0)+40*年末調整1!G104 -> 0 | CY49: =75*年末調整1!C104 -> 0 | DE49: =IF(年末調整1!Q12=270000,27,0)+IF(年末調整1!S12=350000,35,0) -> 0 | DJ49: =IF(年末調整1!U12=270000,27,0) -> 0
J58: =給与金額!D8 -> 3 | K58: =給与金額!E8 -> 0 | M58: =給与金額!F8 -> 0 | U58: =給与金額!G8 -> 0 | AB58: =給与金額!H8 -> 0 | AK58: =給与金額!I8 -> 0 | AP58: =給与金額!J8 -> 0 | AY58: =給与金額!K8 -> 0 | BD58: =給与金額!L8 -> 0
CP60: =年末調整2!N5 -> 0 | DF60: =年末調整2!U5 -> 0
CP65: =年末調整2!N6 -> 0 | DF65: =年末調整2!U6 -> 0
J68: =給与金額!D9 -> 4 | K68: =給与金額!E9 -> 0 | M68: =給与金額!F9 -> 0 | U68: =給与金額!G9 -> 0 | AB68: =給与金額!H9 -> 0 | AK68: =給与金額!I9 -> 0 | AP68: =給与金額!J9 -> 0 | AY68: =給与金額!K9 -> 0 | BD68: =給与金額!L9 -> 0
CP69: =年末調整2!N7 -> 0 | DF69: =年末調整2!U7 -> 0
CP74: =年末調整2!N8 -> 0
J79: =給与金額!D10 -> 5 | K79: =給与金額!E10 -> 0 | M79: =給与金額!F10 -> 0 | U79: =給与金額!G10 -> 0 | AB79: =給与金額!H10 -> 0 | AK79: =給与金額!I10 -> 0 | AP79: =給与金額!J10 -> 0 | AY79: =給与金額!K10 -> 0 | BD79: =給与金額!L10 -> 0
CP80: =年末調整2!N9 -> 0
DH81: =IF(従業員情報!E5="否","",IF(年末調整2!N9=0,"","〇")) | DK81: =IF(従業員情報!E5="否","",IF(年末調整2!N9=0,"〇","")) -> 〇
CP85: =年末調整2!N10 -> 0
J89: =給与金額!D11 -> 6 | K89: =給与金額!E11 -> 0 | M89: =給与金額!F11 -> 0 | U89: =給与金額!G11 -> 0 | AB89: =給与金額!H11 -> 0 | AK89: =給与金額!I11 -> 0 | AP89: =給与金額!J11 -> 0 | AY89: =給与金額!K11 -> 0 | BD89: =給与金額!L11 -> 0
CP90: =年末調整2!N11 -> 0
CP95: =年末調整2!N12 -> 0
DE96: =年末調整1!O31 -> 0
J99: =給与金額!D12 -> 7 | K99: =給与金額!E12 -> 0 | M99: =給与金額!F12 -> 0 | U99: =給与金額!G12 -> 0 | AB99: =給与金額!H12 -> 0 | AK99: =給与金額!I12 -> 0 | AP99: =給与金額!J12 -> 0 | AY99: =給与金額!K12 -> 0 | BD99: =給与金額!L12 -> 0
CP100: =年末調整2!N13 -> 0
CP105: =年末調整2!N14 -> 0
DE106: =年末調整1!AL129 -> 0
J109: =給与金額!D13 -> 8 | K109: =給与金額!E13 -> 0 | M109: =給与金額!F13 -> 0 | U109: =給与金額!G13 -> 0 | AB109: =給与金額!H13 -> 0 | AK109: =給与金額!I13 -> 0 | AP109: =給与金額!J13 -> 0 | AY109: =給与金額!K13 -> 0 | BD109: =給与金額!L13 -> 0
CP110: =年末調整2!N15 -> 0
CP115: =年末調整2!N16 -> 0
J119: =給与金額!D14 -> 9 | K119: =給与金額!E14 -> 0 | M119: =給与金額!F14 -> 0 | U119: =給与金額!G14 -> 0 | AB119: =給与金額!H14 -> 0 | AK119: =給与金額!I14 -> 0 | AP119: =給与金額!J14 -> 0 | AY119: =給与金額!K14 -> 0 | BD119: =給与金額!L14 -> 0 | DE119: =年末調整1!AL111 -> 0
CP120: =年末調整2!N17 -> 0
CP125: =年末調整2!N18 -> 0
J129: =給与金額!D15 -> 10 | K129: =給与金額!E15 -> 0 | M129: =給与金額!F15 -> 0 | U129: =給与金額!G15 -> 0 | AB129: =給与金額!H15 -> 0 | AK129: =給与金額!I15 -> 0 | AP129: =給与金額!J15 -> 0 | AY129: =給与金額!K15 -> 0 | BD129: =給与金額!L15 -> 0
CP130: =年末調整2!N20 -> 1040000
DE132: =年末調整1!N114 -> 0
CP135: =年末調整2!N21 -> 1040000
J139: =給与金額!D16 -> 11 | K139: =給与金額!E16 -> 0 | M139: =給与金額!F16 -> 0 | U139: =給与金額!G16 -> 0 | AB139: =給与金額!H16 -> 0 | AK139: =給与金額!I16 -> 0 | AP139: =給与金額!J16 -> 0 | AY139: =給与金額!K16 -> 0 | BD139: =給与金額!L16 -> 0
CP142: =IF(従業員情報!E5="要",年末調整2!N24,"") -> 0 | DF142: =IF(従業員情報!E5="要",年末調整2!U23,"") -> 0
DF146: =年末調整2!U25 -> 0
J150: =給与金額!D17 -> 12 | K150: =給与金額!E17 -> 0 | M150: =給与金額!F17 -> 0 | U150: =給与金額!G17 -> 0 | AB150: =給与金額!H17 -> 0 | AK150: =給与金額!I17 -> 0 | AP150: =給与金額!J17 -> 0 | AY150: =給与金額!K17 -> 0 | BD150: =給与金額!L17 -> 0
DF151: =年末調整2!U26 -> 0
DF157: =年末調整2!U28 -> 0
M162: =給与金額!F18 -> 0 | U162: =給与金額!G18 -> 0 | AB162: =給与金額!H18 -> 0 | AP162: =給与金額!J18 -> 0
BV163: =IF(年末調整2!N29="不足額","========","") | CI163: =IF(年末調整2!N29="超過額","========","") | DF163: =年末調整2!U29 -> 0
DF167: =年末調整2!U30 -> 0
AS168: =給与金額!U6 -> 0
J171: =給与金額!O6 -> 0 | K171: =給与金額!P6 -> 0 | M171: =給与金額!Q6 -> 0 | U171: =給与金額!R6 -> 0 | AB171: =給与金額!S6 -> 0 | AK171: =給与金額!T6 -> 0 | AP171: =給与金額!W6 -> 0 | AY171: =給与金額!X6 -> 0 | BD171: =給与金額!Y6 -> 0
DF172: =年末調整2!U31 -> 0
AS176: =給与金額!U7 -> 0 | DF176: =年末調整2!U32
J179: =給与金額!O7 -> 0 | K179: =給与金額!P7 -> 0 | M179: =給与金額!Q7 -> 0 | U179: =給与金額!R7 -> 0 | AB179: =給与金額!S7 -> 0 | AK179: =給与金額!T7 -> 0 | AP179: =給与金額!W7 -> 0 | AY179: =給与金額!X7 -> 0 | BD179: =給与金額!Y7 -> 0
DF181: =年末調整2!U33 -> 0
AS184: =給与金額!U8 -> 0
DF185: =年末調整2!U34 -> 0
J187: =給与金額!O8 -> 0 | K187: =給与金額!P8 -> 0 | M187: =給与金額!Q8 -> 0 | U187: =給与金額!R8 -> 0 | AB187: =給与金額!S8 -> 0 | AK187: =給与金額!T8 -> 0 | AP187: =給与金額!W8 -> 0 | AY187: =給与金額!X8 -> 0 | BD187: =給与金額!Y8 -> 0
DF190: =年末調整2!U35 -> 0
M194: =給与金額!Q9 -> 0 | U194: =給与金額!R9 -> 0 | AB194: =給与金額!S9 -> 0 | AP194: =給与金額!W9 -> 0 | DF194: =年末調整2!U36 -> 0

Sheet 源泉徴収票
A2: ⑨ | B2: ※ | AL2: ※種別 | AT2: ※整理番号 | BE2: ※
BM3: =IF(Sheet1!$B$1="yes",,"ＳＡＭＰＬＥ") -> ＳＡＭＰＬＥ | CD3: 令和 8 年分 | CT3: 給与所得の源泉徴収票 | EA3: =IF(Sheet1!$B$1="yes",,"ＳＡＭＰＬＥ") -> ＳＡＭＰＬＥ
A4: 給与支払報告書（個人別明細書) | B4: 支 払 を受け る者 | F4: 住所又は居所 | H4: =従業員情報!$H$17 -> 0 | AM4: 氏 名 | AO4: （受給者番号） | AV4: =従業員情報!$H$14 -> 0 | BP4: 支 払 を受け る者 | BT4: 住所又は居所 | BV4: =従業員情報!$H$17 -> 0 | DA4: 氏 名 | DC4: （受給者番号） | DJ4: =従業員情報!$H$14 -> 0
AO5: （個人番号） | AV5: =DBCS(従業員情報!$H$19) | BB5: =DBCS(従業員情報!$K$19) | BH5: =DBCS(従業員情報!$N$19)
AO6: （役職名） | AV6: =従業員情報!$H$13 -> 0 | DC6: （役職名） | DJ6: =従業員情報!$H$13 -> 0
AO7: 氏名 | AQ7: （フリガナ） | AU7: =従業員情報!$H$11 -> 0 | BD7: =従業員情報!$L$11 -> 0 | DC7: 氏名 | DE7: （フリガナ） | DI7: =従業員情報!$H$11 -> 0 | DR7: =従業員情報!$L$11 -> 0
AT8: =従業員情報!$H$12 -> 0 | BD8: =従業員情報!$L$12 -> 0 | DH8: =従業員情報!$H$12 -> 0 | DR8: =従業員情報!$L$12 -> 0
B9: 種 別 | N9: 支 払 金 額 | AA9: 給与所得控除後の金額 (調整控除後） | AN9: 所得控除の額の合計額 | BA9: 源 泉 徴 収 税 額 | BP9: 種 別 | CB9: 支 払 金 額 | CO9: 給与所得控除後の金額 (調整控除後） | DB9: 所得控除の額の合計額 | DO9: 源 泉 徴 収 税 額
B10: =IF(Sheet1!$B$1="yes",従業員情報!$H$24,"ＳＡＭＰＬＥ") -> ＳＡＭＰＬＥ | N10: 内 | Z10: 円 | AM10: 円 | AZ10: 円 | BA10: 内 | BM10: 円 | BP10: =IF(Sheet1!$B$1="yes",従業員情報!$H$24,"ＳＡＭＰＬＥ") -> ＳＡＭＰＬＥ | CB10: 内 | CN10: 円 | DA10: 円 | DN10: 円 | DO10: 内 | EA10: 円
N11: =IF(Sheet1!$B$1="yes",年末調整2!$N$7,"ＳＡＭＰＬＥ") -> ＳＡＭＰＬＥ | AA11: =IF(従業員情報!$E$5="要",年末調整2!$N$10,"") -> 0 | AN11: =IF(従業員情報!$E$5="要",年末調整2!$N$21,"") -> 1040000 | BA11: =IF(IF(従業員情報!$E$5="否",年末調整2!$U$7,年末調整2!$U$28)=0,"0",IF(従業員情報!$E$5="否",年末調整2!$U$7,年末調整2!$U$28)) -> 0 | CB11: =IF(Sheet1!$B$1="yes",年末調整2!$N$7,"ＳＡＭＰＬＥ") -> ＳＡＭＰＬＥ | CO11: =IF(従業員情報!$E$5="要",年末調整2!$N$10,"") -> 0 | DB11: =IF(従業員情報!$E$5="要",年末調整2!$N$21,"") -> 1040000 | DO11: =IF(IF(従業員情報!$E$5="否",年末調整2!$U$7,年末調整2!$U$28)=0,"0",IF(従業員情報!$E$5="否",年末調整2!$U$7,年末調整2!$U$28)) -> 0
B12: （源泉）控除対象配偶者 | K12: 配偶者(特別) 控除の額 | T12: 控除対象扶養親族の数 | AU12: 16歳未満扶養親族の数 | AY12: 障 害 者 の 数 （本人を除く） | BJ12: 非居住者である 親族の数 | BP12: （源泉）控除対象配偶者 | BY12: 配偶者(特別) 控除の額 | CH12: 控除対象扶養親族の数 | DI12: 16歳未満扶養親族の数 | DM12: 障 害 者 の 数 （本人を除く） | DX12: 非居住者である 親族の数
B13: の有無等 | H13: 老人 | T13: （ 配 偶 者 を 除 く。 ） | BP13: の有無等 | BV13: 老人 | CH13: （ 配 偶 者 を 除 く。 ）
T14: 特 定 | Z14: 老 人 | AI14: その他 | AO14: 特 親 | AY14: 特 別 | BF14: その他 | CH14: 特 定 | CN14: 老 人 | CW14: その他 | DC14: 特 親 | DM14: 特 別 | DT14: その他
B15: 有 | E15: 従有 | S15: 円 | T15: 人 | X15: 従人 | AB15: 内 | AC15: 人 | AG15: 従人 | AI15: 人 | AM15: 従人 | AO15: 人 | AS15: 従人 | AU15: 人 | AY15: 内 | BB15: 人 | BF15: 人 | BJ15: 人 | BP15: 有 | BS15: 従有 | CG15: 円 | CH15: 人 | CL15: 従人 | CP15: 内 | CQ15: 人 | CU15: 従人 | CW15: 人 | DA15: 従人 | DC15: 人 | DG15: 従人 | DI15: 人 | DM15: 内 | DP15: 人 | DT15: 人 | DX15: 人
B16: =IF(AND(従業員情報!$E$5="要",OR(年末調整1!$C$43="一般の控除対象配偶者",年末調整1!$C$43="老人控除対象配偶者")),"○","") | H16: =IF(AND(従業員情報!$E$5="要",年末調整1!$C$43="老人控除対象配偶者"),"○","") | K16: =年末調整1!$L$44+年末調整1!$V$44 -> 0 | T16: =年末調整1!$BC$65 -> 0 | Z16: =年末調整1!$BE$65 -> 0 | AC16: =年末調整1!$BG$65+年末調整1!$BE$65 -> 0 | AI16: =年末調整1!$BI$65 -> 0 | AO16: =年末調整1!$BK$65 -> 0 | AU16: =年末調整1!$BC$80 -> 0 | AY16: =年末調整1!$C$104 -> 0 | BB16: =年末調整1!$G$104+年末調整1!$C$104 -> 0 | BF16: =年末調整1!$K$104 -> 0 | BJ16: =IF(AND(従業員情報!$E$5="否",年末調整1!$P$40="非居住者"),1,0)+IF(年末調整1!$C$43="適用なし",0,IF(年末調整1!$P$40="非居住者",1,0))+COUNTIF(年末調整1!$AK$55:$AK$88,"非居住者") -> 0 | BP16: =IF(AND(従業員情報!$E$5="要",OR(年末調整1!$C$43="一般の控除対象配偶者",年末調整1!$C$43="老人控除対象配偶者")),"○","") | BV16: =IF(AND(従業員情報!$E$5="要",年末調整1!$C$43="老人控除対象配偶者"),"○","") | BY16: =年末調整1!$L$44+年末調整1!$V$44 -> 0 | CH16: =年末調整1!$BC$65 -> 0 | CN16: =年末調整1!$BE$65 -> 0 | CQ16: =年末調整1!$BG$65+年末調整1!$BE$65 -> 0 | CW16: =年末調整1!$BI$65 -> 0 | DC16: =年末調整1!$BK$65 -> 0 | DI16: =年末調整1!$BC$80 -> 0 | DM16: =年末調整1!$C$104 -> 0 | DP16: =年末調整1!$G$104+年末調整1!$C$104 -> 0 | DT16: =年末調整1!$K$104 -> 0 | DX16: =IF(AND(従業員情報!$E$5="否",年末調整1!$P$40="非居住者"),1,0)+IF(年末調整1!$C$43="適用なし",0,IF(年末調整1!$P$40="非居住者",1,0))+COUNTIF(年末調整1!$AK$55:$AK$88,"非居住者") -> 0
B19: 特定親族特別控除の額 | N19: 社会保険料等の金額 | AA19: 生命保険料の控除額 | AN19: 地震保険料の控除額 | BA19: 住宅借入金等特別控除の額 | BP19: 特定親族特別控除の額 | CB19: 社会保険料等の金額 | CO19: 生命保険料の控除額 | DB19: 地震保険料の控除額 | DO19: 住宅借入金等特別控除の額
M20: 円 | N20: 内 | P20: =IF(従業員情報!$E$5="否",年末調整1!$AL$111,年末調整1!$AL$111+年末調整1!$AL$114) -> 0 | Z20: 円 | AM20: 円 | AZ20: 円 | BM20: 円 | CA20: 円 | CB20: 内 | CD20: =IF(従業員情報!$E$5="否",年末調整1!$AL$111,年末調整1!$AL$111+年末調整1!$AL$114) -> 0 | CN20: 円 | DA20: 円 | DN20: 円 | EA20: 円
B21: =年末調整2!$N$17 -> 0 | N21: =IF(従業員情報!$E$5="否",年末調整2!$N$11,年末調整2!$N$11+年末調整2!$N$12+年末調整2!$N$13) -> 0 | AA21: =年末調整2!$N$14 -> 0 | AN21: =年末調整2!$N$15 -> 0 | BA21: =MIN(年末調整2!$U$23,年末調整2!$U$25) -> 0 | BP21: =年末調整2!$N$17 -> 0 | CB21: =IF(従業員情報!$E$5="否",年末調整2!$N$11,年末調整2!$N$11+年末調整2!$N$12+年末調整2!$N$13) -> 0 | CO21: =年末調整2!$N$14 -> 0 | DB21: =年末調整2!$N$15 -> 0 | DO21: =MIN(年末調整2!$U$23,年末調整2!$U$25) -> 0
B23: (摘要） | G23: =IF(従業員情報!$E$5="要","","年末調整未済") | R23: =年末調整1!$D$159 | T23: =年末調整1!$E$159 | AB23: =年末調整1!$J$159 -> 0 | AL23: =年末調整1!$P$159 | AN23: =年末調整1!$Q$159 | AV23: =年末調整1!$V$159 -> 0 | BP23: (摘要） | BU23: =IF(従業員情報!$E$5="要","","年末調整未済") | CF23: =年末調整1!$D$159 | CH23: =年末調整1!$E$159 | CP23: =年末調整1!$J$159 -> 0 | CZ23: =年末調整1!$P$159 | DB23: =年末調整1!$Q$159 | DJ23: =年末調整1!$V$159 -> 0
F24: =年末調整1!$C$160 -> 0 | BT24: =年末調整1!$C$160 -> 0
B28: 生命保険料の 金額の 内訳 | F28: 新生命保険料の金額 | Q28: 円 | R28: 旧生命保険料の金額 | AC28: 円 | AD28: 介護医療保 険料の金額 | AO28: 円 | AP28: 新個人年金 保険料の金額 | BA28: 円 | BB28: 旧個人年金 保険料の金額 | BM28: 円 | BP28: 生命保険料の 金額の 内訳 | BT28: 新生命保険料の金額 | CE28: 円 | CF28: 旧生命保険料の金額 | CQ28: 円 | CR28: 介護医療保 険料の金額 | DC28: 円 | DD28: 新個人年金 保険料の金額 | DO28: 円 | DP28: 旧個人年金 保険料の金額 | EA28: 円
K29: =IF(従業員情報!$E$5="否","",年末調整1!$N$127) -> 0 | W29: =IF(従業員情報!$E$5="否","",年末調整1!$N$129) -> 0 | AI29: =IF(従業員情報!$E$5="否","",年末調整1!$N$131) -> 0 | AU29: =IF(従業員情報!$E$5="否","",年末調整1!$N$133) -> 0 | BG29: =IF(従業員情報!$E$5="否","",年末調整1!$N$135) -> 0 | BY29: =IF(従業員情報!$E$5="否","",年末調整1!$N$127) -> 0 | CK29: =IF(従業員情報!$E$5="否","",年末調整1!$N$129) -> 0 | CW29: =IF(従業員情報!$E$5="否","",年末調整1!$N$131) -> 0 | DI29: =IF(従業員情報!$E$5="否","",年末調整1!$N$133) -> 0 | DU29: =IF(従業員情報!$E$5="否","",年末調整1!$N$135) -> 0
B30: 住宅借入金等特別控除の額の内訳 | F30: 住宅借入金等 特別控除適用数 | K30: =IF(従業員情報!$E$5="否","",年末調整1!$N$145) -> 0 | R30: 居住開始年月日（１回目） | W30: 年 | AB30: 月 | AF30: 日 | AJ30: 住宅借入金等特別 控除区分（１回目） | AP30: =IF(従業員情報!$E$5="否","",年末調整1!$N$148) -> 0 | AV30: 住宅借入金等 年末残高（１回目） | BB30: 円 | BP30: 住宅借入金等特別控除の額の内訳 | BT30: 住宅借入金等 特別控除適用数 | BY30: =IF(従業員情報!$E$5="否","",年末調整1!$N$145) -> 0 | CF30: 居住開始年月日（１回目） | CK30: 年 | CP30: 月 | CT30: 日 | CX30: 住宅借入金等特別 控除区分（１回目） | DD30: =IF(従業員情報!$E$5="否","",年末調整1!$N$148) -> 0 | DJ30: 住宅借入金等 年末残高（１回目） | DP30: 円
W31: =IF(従業員情報!$E$5="否","",年末調整1!$N$152) -> 0 | AB31: =IF(従業員情報!$E$5="否","",年末調整1!$Q$152) -> 0 | AF31: =IF(従業員情報!$E$5="否","",年末調整1!$S$152) -> 0 | BB31: =IF(従業員情報!$E$5="否","",年末調整1!$AL$145) -> 0 | CK31: =IF(従業員情報!$E$5="否","",年末調整1!$N$152) -> 0 | CP31: =IF(従業員情報!$E$5="否","",年末調整1!$Q$152) -> 0 | CT31: =IF(従業員情報!$E$5="否","",年末調整1!$S$152) -> 0 | DP31: =IF(従業員情報!$E$5="否","",年末調整1!$AL$145) -> 0
F32: 住宅借入金等 特別控除可能額 | Q32: 円 | R32: 居住開始年月日（２回目） | W32: 年 | AB32: 月 | AF32: 日 | AJ32: 住宅借入金等特別 控除区分（２回目） | AV32: 住宅借入金等 年末残高（２回目） | BB32: 円 | BT32: 住宅借入金等 特別控除可能額 | CE32: 円 | CF32: 居住開始年月日（２回目） | CK32: 年 | CP32: 月 | CT32: 日 | CX32: 住宅借入金等特別 控除区分（２回目） | DJ32: 住宅借入金等 年末残高（２回目） | DP32: 円
K33: =IF(従業員情報!$E$5="否","",年末調整1!$AL$148) -> 0 | BY33: =IF(従業員情報!$E$5="否","",年末調整1!$AL$148) -> 0
B34: (源泉・特別)控除対象 配偶者 | E34: （フリガナ） | J34: =IF(従業員情報!$E$5="否",年末調整1!$G$37,IF(年末調整1!$C$43="適用なし","",年末調整1!$G$37)) | Y34: 区分 | AA34: =IF(従業員情報!$E$5="否",年末調整1!$P$37,IF(年末調整1!$C$43="適用なし","",年末調整1!$P$37)) | AD34: 配偶者の 合計所得 | AJ34: 円 | AP34: 国民年金保険 料等の金額 | AV34: 円 | BB34: 旧長期損害 保険料の金額 | BH34: 円 | BP34: (源泉・特別)控除対象 配偶者 | BS34: （フリガナ） | BX34: =IF(従業員情報!$E$5="否",年末調整1!$G$37,IF(年末調整1!$C$43="適用なし","",年末調整1!$G$37)) | CM34: 区分 | CO34: =IF(従業員情報!$E$5="否",年末調整1!$P$37,IF(年末調整1!$C$43="適用なし","",年末調整1!$P$37)) | CR34: 配偶者の 合計所得 | CX34: 円 | DD34: 国民年金保険 料等の金額 | DJ34: 円 | DP34: 旧長期損害 保険料の金額 | DV34: 円
E35: 氏名 | J35: =IF(従業員情報!$E$5="否",年末調整1!$G$38,IF(年末調整1!$C$43="適用なし","",年末調整1!$G$38)) | AJ35: =IF(年末調整1!$O$31="","",IF(年末調整1!$C$43="適用なし","",年末調整1!$O$31)) | AV35: =IF(従業員情報!$E$5="否","",年末調整1!$N$114) -> 0 | BH35: =IF(従業員情報!$E$5="否","",年末調整1!$AL$129) -> 0 | BS35: 氏名 | BX35: =IF(従業員情報!$E$5="否",年末調整1!$G$38,IF(年末調整1!$C$43="適用なし","",年末調整1!$G$38)) | CX35: =IF(年末調整1!$O$31="","",IF(年末調整1!$C$43="適用なし","",年末調整1!$O$31)) | DJ35: =IF(従業員情報!$E$5="否","",年末調整1!$N$114) -> 0 | DV35: =IF(従業員情報!$E$5="否","",年末調整1!$AL$129) -> 0
AP36: 基礎控除の額 | AV36: 円 | BB36: 所得金額 調整控除額 | BH36: 円 | DD36: 基礎控除の額 | DJ36: 円 | DP36: 所得金額 調整控除額 | DV36: 円
E37: 個人番号 | J37: =IF(従業員情報!$E$5="否",DBCS(年末調整1!$R$37),IF(年末調整1!$C$43="適用なし","",DBCS(年末調整1!$R$37))) | Q37: =IF(従業員情報!$E$5="否",DBCS(年末調整1!$V$37),IF(年末調整1!$C$43="適用なし","",DBCS(年末調整1!$V$37))) | W37: =IF(従業員情報!$E$5="否",DBCS(年末調整1!$Z$37),IF(年末調整1!$C$43="適用なし","",DBCS(年末調整1!$Z$37))) | AV37: =IF(従業員情報!$E$5="要",年末調整2!$N$20,"") -> 1040000 | BH37: =IF(従業員情報!$E$5="要",年末調整2!$N$9,"") -> 0 | DJ37: =IF(従業員情報!$E$5="要",年末調整2!$N$20,"") -> 1040000 | DV37: =IF(従業員情報!$E$5="要",年末調整2!$N$9,"") -> 0
B38: 控除対象扶養親族 | D38: 1 | E38: （フリガナ） | J38: =年末調整1!$G$55 -> 0 | Y38: 区分 | AA38: =年末調整1!$V$55 -> 0 | AD38: 16歳未満の扶養親族 | AF38: 1 | AG38: （フリガナ） | AL38: =年末調整1!$H$77 -> 0 | BA38: 区分 | BC38: =年末調整1!$V$77 -> 0 | BF38: ５人目以降の控除対象扶養親族の個人番号 | BP38: 控除対象扶養親族 | BR38: 1 | BS38: （フリガナ） | BX38: =年末調整1!$G$55 -> 0 | CM38: 区分 | CO38: =年末調整1!$V$55 -> 0 | CR38: 16歳未満の扶養親族 | CT38: 1 | CU38: （フリガナ） | CZ38: =年末調整1!$H$77 -> 0 | DO38: 区分 | DQ38: =IF(年末調整1!$V$77="01","○","")
E39: 氏名 | J39: =年末調整1!$G$56 -> 0 | AG39: 氏名 | AL39: =年末調整1!$G$78 -> 0 | BS39: 氏名 | BX39: =年末調整1!$G$56 -> 0 | CU39: 氏名 | CZ39: =年末調整1!$G$78 -> 0
E40: 個人番号 | J40: =DBCS(年末調整1!$X$55) | Q40: =DBCS(年末調整1!$AB$55) | W40: =DBCS(年末調整1!$AF$55) | AG40: 個人番号 | AL40: =DBCS(年末調整1!$X$77) | AS40: =DBCS(年末調整1!$AB$77) | AY40: =DBCS(年末調整1!$AF$77) | BF40: =IF(年末調整1!$X$67=0,"","（1）")
D41: 2 | E41: （フリガナ） | J41: =年末調整1!$G$58 -> 0 | Y41: 区分 | AA41: =年末調整1!$V$58 -> 0 | AF41: 2 | AG41: （フリガナ） | AL41: =年末調整1!$H$80 -> 0 | BA41: 区分 | BC41: =年末調整1!$V$80 -> 0 | BG41: =年末調整1!$X$67 -> 0 | BI41: =年末調整1!$AB$67 -> 0 | BK41: =年末調整1!$AF$67 -> 0 | BR41: 2 | BS41: （フリガナ） | BX41: =年末調整1!$G$58 -> 0 | CM41: 区分 | CO41: =年末調整1!$V$58 -> 0 | CT41: 2 | CU41: （フリガナ） | CZ41: =年末調整1!$H$80 -> 0 | DO41: 区分 | DQ41: =IF(年末調整1!$V$80="01","○","")
E42: 氏名 | J42: =年末調整1!$G$59 -> 0 | AG42: 氏名 | AL42: =年末調整1!$G$81 -> 0 | BF42: =IF(年末調整1!$X$70=0,"","（2）") | BS42: 氏名 | BX42: =年末調整1!$G$59 -> 0 | CU42: 氏名 | CZ42: =年末調整1!$G$81 -> 0
E43: 個人番号 | J43: =DBCS(年末調整1!$X$58) | Q43: =DBCS(年末調整1!$AB$58) | W43: =DBCS(年末調整1!$AF$58) | AG43: 個人番号 | AL43: =DBCS(年末調整1!$X$80) | AS43: =DBCS(年末調整1!$AB$80) | AY43: =DBCS(年末調整1!$AF$80) | BG43: =年末調整1!$X$70 -> 0 | BI43: =年末調整1!$AB$70 -> 0 | BK43: =年末調整1!$AF$70 -> 0
D44: 3 | E44: （フリガナ） | J44: =年末調整1!$G$61 -> 0 | Y44: 区分 | AA44: =年末調整1!$V$61 -> 0 | AF44: 3 | AG44: （フリガナ） | AL44: =年末調整1!$H$83 -> 0 | BA44: 区分 | BC44: =年末調整1!$V$83 -> 0 | BR44: 3 | BS44: （フリガナ） | BX44: =年末調整1!$G$61 -> 0 | CM44: 区分 | CO44: =年末調整1!$V$61 -> 0 | CT44: 3 | CU44: （フリガナ） | CZ44: =年末調整1!$H$83 -> 0 | DO44: 区分 | DQ44: =IF(年末調整1!$V$83="01","○","")
E45: 氏名 | J45: =年末調整1!$G$62 -> 0 | AG45: 氏名 | AL45: =年末調整1!$G$84 -> 0 | BF45: ５人目以降の１６歳未満の扶養親族等の個人番号 | BS45: 氏名 | BX45: =年末調整1!$G$62 -> 0 | CU45: 氏名 | CZ45: =年末調整1!$G$84 -> 0
E46: 個人番号 | J46: =DBCS(年末調整1!$X$61) | Q46: =DBCS(年末調整1!$AB$61) | W46: =DBCS(年末調整1!$AF$61) | AG46: 個人番号 | AL46: =DBCS(年末調整1!$X$83) | AS46: =DBCS(年末調整1!$AB$83) | AY46: =DBCS(年末調整1!$AF$83)
D47: 4 | E47: （フリガナ） | J47: =年末調整1!$G$64 -> 0 | Y47: 区分 | AA47: =年末調整1!$V$64 -> 0 | AF47: 4 | AG47: （フリガナ） | AL47: =年末調整1!$H$86 -> 0 | BA47: 区分 | BC47: =年末調整1!$V$86 -> 0 | BR47: 4 | BS47: （フリガナ） | BX47: =年末調整1!$G$64 -> 0 | CM47: 区分 | CO47: =年末調整1!$V$64 -> 0 | CT47: 4 | CU47: （フリガナ） | CZ47: =年末調整1!$H$86 -> 0 | DO47: 区分 | DQ47: =IF(年末調整1!$V$86="01","○","")
E48: 氏名 | J48: =年末調整1!$G$65 -> 0 | AG48: 氏名 | AL48: =年末調整1!$G$87 -> 0 | BS48: 氏名 | BX48: =年末調整1!$G$65 -> 0 | CU48: 氏名 | CZ48: =年末調整1!$G$87 -> 0
E49: 個人番号 | J49: =DBCS(年末調整1!$X$64) | Q49: =DBCS(年末調整1!$AB$64) | W49: =DBCS(年末調整1!$AF$64) | AG49: 個人番号 | AL49: =DBCS(年末調整1!$X$86) | AS49: =DBCS(年末調整1!$AB$86) | AY49: =DBCS(年末調整1!$AF$86)
B50: 未成年者 | E50: 外国人 | H50: 死亡退職 | K50: 災害者 | N50: 乙欄 | Q50: 本人が障害者 | W50: 寡婦 | Z50: ひとり親 | AC50: 勤労学生 | AG50: 中途・就退職 | AV50: 受 給 者 生 年 月 日 | BP50: 未成年者 | BS50: 外国人 | BV50: 死亡退職 | BY50: 災害者 | CB50: 乙欄 | CE50: 本人が障害者 | CK50: 寡婦 | CN50: ひとり親 | CQ50: 勤労学生 | CU50: 中途・就退職 | DJ50: 受 給 者 生 年 月 日
Q51: 特別 | T51: その他 | CE51: 特別 | CH51: その他
AG52: 就職 | AJ52: 退職 | AM52: 年 | AP52: 月 | AS52: 日 | AV52: 元号 | BE52: 年 | BH52: 月 | BK52: 日 | CU52: 就職 | CX52: 退職 | DA52: 年 | DD52: 月 | DG52: 日 | DJ52: 元号 | DS52: 年 | DV52: 月 | DY52: 日
A54: （市区町村提出用） | B54: =年末調整1!$C$10 -> 0 | E54: =年末調整1!$E$10 -> 0 | H54: =年末調整1!$G$10 -> 0 | K54: =年末調整1!$I$10 -> 0 | N54: =年末調整1!$K$10 -> 0 | Q54: =年末調整1!$M$10 -> 0 | T54: =年末調整1!$O$10 -> 0 | W54: =年末調整1!$Q$10 -> 0 | Z54: =年末調整1!$S$10 -> 0 | AC54: =年末調整1!$U$10 -> 0 | AG54: =従業員情報!$H$30 -> 0 | AJ54: =従業員情報!$K$30 -> 0 | AM54: =従業員情報!$N$30 -> 0 | AP54: =従業員情報!$Q$30 -> 0 | AS54: =従業員情報!$T$30 -> 0 | AV54: =従業員情報!$H$22 -> 0 | BE54: =従業員情報!$L$22 -> 3 | BH54: =従業員情報!$N$22 -> 4 | BK54: =従業員情報!$P$22 -> 5 | BO54: （受給者交付用） | BP54: =年末調整1!$C$10 -> 0 | BS54: =年末調整1!$E$10 -> 0 | BV54: =年末調整1!$G$10 -> 0 | BY54: =年末調整1!$I$10 -> 0 | CB54: =年末調整1!$K$10 -> 0 | CE54: =年末調整1!$M$10 -> 0 | CH54: =年末調整1!$O$10 -> 0 | CK54: =年末調整1!$Q$10 -> 0 | CN54: =年末調整1!$S$10 -> 0 | CQ54: =年末調整1!$U$10 -> 0 | CU54: =従業員情報!$H$30 -> 0 | CX54: =従業員情報!$K$30 -> 0 | DA54: =従業員情報!$N$30 -> 0 | DD54: =従業員情報!$Q$30 -> 0 | DG54: =従業員情報!$T$30 -> 0 | DJ54: =従業員情報!$H$22 -> 0 | DS54: =従業員情報!$L$22 -> 3 | DV54: =従業員情報!$N$22 -> 4 | DY54: =従業員情報!$P$22 -> 5
B56: 支 払 者 | E56: 個人番号又は 法人番号 | L56: =DBCS(事業者情報!$I$12) | N56: =DBCS(事業者情報!$J$12) | V56: =DBCS(事業者情報!$M$12) | AD56: =DBCS(事業者情報!$P$12) | AL56: （右詰で記載してください。） | BP56: 支 払 者 | BS56: 個人番号又は 法人番号
E57: 住所（居所） 又は所在地 | L57: =事業者情報!$I$9 -> 0 | BS57: 住所（居所） 又は所在地 | BZ57: =事業者情報!$I$9 -> 0
E58: 氏名又は名称 | L58: =事業者情報!$I$10 -> 0 | AV58: （電話） | AY58: =事業者情報!$I$11 -> 0 | BS58: 氏名又は名称 | BZ58: =事業者情報!$I$10 -> 0 | DJ58: （電話） | DM58: =事業者情報!$I$11 -> 0

Sheet ライセンス
B1: 印刷について
B3: ライセンスキーを未購入の場合、税額計算されません。また源泉徴収簿及び源泉徴収票に「ＳＡＭＰＬＥ」と表示されます。
B4: これを消すためには下の黄色いセルにライセンスキーを入力してください。
C8: ライセンスキー入力欄
B12: ライセンスキー購入ページ
C18: https://gensen-excel.stores.jp/items/6ac5ff120d88c72127d9fa3d
C20: ・価格は800円です。
C21: ・１事業所につき１ライセンスです。従業員の人数分購入する必要はありません。
C22: ・STORES.jpからのダウンロード販売となります。
C23: ・カード決済とコンビニ決済が使えます。
C24: ・ライセンスキーは「SAMPLE」が消えるだけです。保護解除パスワードではありません。
C25: ・購入前に、ご使用のパソコンでこのファイルが正しく動作し、印刷できることを確認してください。
C26: ・いかなる理由があろうと購入代金の返金はしません。
C27: ・購入時にフォローされた方には、更新情報等をメールでお送りします。
C28: ・ライセンスキーの譲渡、再配布、公開は禁止です。
C29: ・著作権は鈴木一弘税理士事務所に帰属します。

Sheet Sheet1
A1: =ライセンス!D8 -> 0 | B1: =IF(A1="gstefc","yes","no") -> no

Sheet 源泉徴収簿（旧
A3: =IF(年末調整1!K10="○","＝","") | AJ3: =従業員情報!H16 -> 0 | AN3: =従業員情報!K16 -> 0 | BS3: =従業員情報!H11 -> 0 | BZ3: =従業員情報!L11 -> 0
T4: =従業員情報!H13 -> 0
BS6: =従業員情報!H12 -> 0 | BZ6: =従業員情報!L12 -> 0
AF7: =従業員情報!H17 -> 0
A8: =IF(年末調整1!K10="○","","＝") -> ＝
BT9: =IF(従業員情報!$H$22="明治","○",) -> 0 | BU9: =IF(従業員情報!$H$22="大正","○",) -> 0 | BV9: =IF(従業員情報!$H$22="昭和","○",) -> 0 | BW9: =IF(従業員情報!$H$22="平成","○",) -> 0 | BX9: =IF(従業員情報!$H$22="令和","○",) -> 0 | CA9: =従業員情報!L22 -> 3 | CD9: =従業員情報!N22 -> 4 | CG9: =従業員情報!P22 -> 5
CN14: =年末調整2!S38 -> 0
BR22: =年末調整2!I40 -> 0 | BU22: =年末調整2!K40 -> 0 | CB22: =年末調整2!O40 -> 0 | CG22: =年末調整2!S40 -> 0 | CL22: =年末調整2!U40 -> 0 | CT22: =年末調整2!Y40 -> 0
J24: =給与金額!D6 -> 1 | K24: =給与金額!E6 -> 0 | M24: =給与金額!F6+給与金額!Q14 -> 0 | U24: =給与金額!G6+給与金額!R14 -> 0 | AB24: =給与金額!H6+給与金額!Q14-給与金額!R14 -> 0 | AK24: =給与金額!I6 -> 0 | AN24: =給与金額!J6+給与金額!S14 -> 0 | AW24: =給与金額!K6 -> 0 | BC24: =給与金額!L6 -> 0
BN28: =IF(Sheet1!B1="yes","","ＳＡＭＰＬＥ 税額計算されません") -> ＳＡＭＰＬＥ 税額計算されません
J33: =給与金額!D7 -> 2 | K33: =給与金額!E7 -> 0 | M33: =給与金額!F7 -> 0 | U33: =給与金額!G7 -> 0 | V33: =給与金額!G7 -> 0 | AB33: =給与金額!H7 -> 0 | AK33: =給与金額!I7 -> 0 | AN33: =給与金額!J7 -> 0 | AW33: =給与金額!K7 -> 0 | BC33: =給与金額!L7 -> 0
A34: 8
BK37: =IF(従業員情報!M26="有","○","")
CW40: =IF(従業員情報!#REF!="有","○","") -> #REF!
J42: =給与金額!D8 -> 3 | K42: =給与金額!E8 -> 0 | M42: =給与金額!F8 -> 0 | U42: =給与金額!G8 -> 0 | V42: =給与金額!G8 -> 0 | AB42: =給与金額!H8 -> 0 | AK42: =給与金額!I8 -> 0 | AN42: =給与金額!J8 -> 0 | AW42: =給与金額!K8 -> 0 | BC42: =給与金額!L8 -> 0
BK43: =IF(従業員情報!M26="無","○","")
CW44: =IF(従業員情報!#REF!="無","○","") -> #REF!
J51: =給与金額!D9 -> 4 | K51: =給与金額!E9 -> 0 | M51: =給与金額!F9 -> 0 | U51: =給与金額!G9 -> 0 | V51: =給与金額!G9 -> 0 | AB51: =給与金額!H9 -> 0 | AK51: =給与金額!I9 -> 0 | AN51: =給与金額!J9 -> 0 | AW51: =給与金額!K9 -> 0 | BC51: =給与金額!L9 -> 0
CD53: =年末調整2!N5 -> 0 | CP53: =年末調整2!U5 -> 0
CD57: =年末調整2!N6 -> 0 | CP57: =年末調整2!U6 -> 0
J60: =給与金額!D10 -> 5 | K60: =給与金額!E10 -> 0 | M60: =給与金額!F10 -> 0 | U60: =給与金額!G10 -> 0 | V60: =給与金額!G10 -> 0 | AB60: =給与金額!H10 -> 0 | AK60: =給与金額!I10 -> 0 | AN60: =給与金額!J10 -> 0 | AW60: =給与金額!K10 -> 0 | BC60: =給与金額!L10 -> 0
CD61: =年末調整2!N7 -> 0 | CP61: =年末調整2!U7 -> 0
CD65: =IF(従業員情報!E5="要",年末調整2!N8,"") -> 0
J69: =給与金額!D11 -> 6 | K69: =給与金額!E11 -> 0 | M69: =給与金額!F11 -> 0 | U69: =給与金額!G11 -> 0 | V69: =給与金額!G11 -> 0 | AB69: =給与金額!H11 -> 0 | AK69: =給与金額!I11 -> 0 | AN69: =給与金額!J11 -> 0 | AW69: =給与金額!K11 -> 0 | BC69: =給与金額!L11 -> 0 | CP69: =IF(従業員情報!E5="否","",IF(年末調整2!N9=0,"","〇")) | CS69: =IF(従業員情報!E5="否","",IF(年末調整2!N9=0,"〇","")) -> 〇
CD71: =年末調整2!N9 -> 0
CD75: =年末調整2!N10 -> 0
J78: =給与金額!D12 -> 7 | K78: =給与金額!E12 -> 0 | M78: =給与金額!F12 -> 0 | U78: =給与金額!G12 -> 0 | V78: =給与金額!G12 -> 0 | AB78: =給与金額!H12 -> 0 | AK78: =給与金額!I12 -> 0 | AN78: =給与金額!J12 -> 0 | AW78: =給与金額!K12 -> 0 | BC78: =給与金額!L12 -> 0
CD79: =年末調整2!N11 -> 0
CD83: =年末調整2!N12 -> 0 | CP83: =年末調整1!O31 -> 0
J87: =給与金額!D13 -> 8 | K87: =給与金額!E13 -> 0 | M87: =給与金額!F13 -> 0 | U87: =給与金額!G13 -> 0 | V87: =給与金額!G13 -> 0 | AB87: =給与金額!H13 -> 0 | AK87: =給与金額!I13 -> 0 | AN87: =給与金額!J13 -> 0 | AW87: =給与金額!K13 -> 0 | BC87: =給与金額!L13 -> 0
CD88: =年末調整2!N13 -> 0
CD92: =年末調整2!N14 -> 0 | CP92: =年末調整1!AL129 -> 0
M95: =給与金額!F14 -> 0
J96: =給与金額!D14 -> 9 | K96: =給与金額!E14 -> 0 | U96: =給与金額!G14 -> 0 | V96: =給与金額!G14 -> 0 | AB96: =給与金額!H14 -> 0 | AK96: =給与金額!I14 -> 0 | AN96: =給与金額!J14 -> 0 | AW96: =給与金額!K14 -> 0 | BC96: =給与金額!L14 -> 0
CD97: =年末調整2!N15 -> 0
CD101: =年末調整2!N16 -> 0
CP103: =年末調整1!AL111 -> 0
J105: =給与金額!D15 -> 10 | K105: =給与金額!E15 -> 0 | M105: =給与金額!F15 -> 0 | U105: =給与金額!G15 -> 0 | V105: =給与金額!G15 -> 0 | AB105: =給与金額!H15 -> 0 | AK105: =給与金額!I15 -> 0 | AN105: =給与金額!J15 -> 0 | AW105: =給与金額!K15 -> 0 | BC105: =給与金額!L15 -> 0
CD106: =年末調整2!N18 -> 0
CD110: =年末調整2!N20 -> 1040000
J114: =給与金額!D16 -> 11 | K114: =給与金額!E16 -> 0 | M114: =給与金額!F16 -> 0 | U114: =給与金額!G16 -> 0 | V114: =給与金額!G16 -> 0 | AB114: =給与金額!H16 -> 0 | AK114: =給与金額!I16 -> 0 | AN114: =給与金額!J16 -> 0 | AW114: =給与金額!K16 -> 0 | BC114: =給与金額!L16 -> 0 | CP114: =年末調整1!N114 -> 0
CD115: =年末調整2!N21 -> 1040000
CD121: =IF(従業員情報!E5="要",年末調整2!N24,"") -> 0 | CQ121: =IF(従業員情報!E5="要",年末調整2!U23,"") -> 0
J123: =給与金額!D17 -> 12 | K123: =給与金額!E17 -> 0 | M123: =給与金額!F17 -> 0 | U123: =給与金額!G17 -> 0 | V123: =給与金額!G17 -> 0 | AB123: =給与金額!H17 -> 0 | AK123: =給与金額!I17 -> 0 | AN123: =給与金額!J17 -> 0 | AW123: =給与金額!K17 -> 0 | BC123: =給与金額!L17 -> 0
CQ125: =年末調整2!U25 -> 0
CQ129: =年末調整2!U26 -> 0
M134: =給与金額!F18 -> 0 | T134: =給与金額!G18 -> 0 | AB134: =給与金額!H18 -> 0 | AN134: =給与金額!J18 -> 0
CQ135: =年末調整2!U28 -> 0
AP138: =給与金額!U6 -> 0
AW139: =給与金額!X6 -> 0 | BC139: =給与金額!Y6 -> 0 | BN139: =IF(年末調整2!N29="不足額"," ","") | BY139: =IF(年末調整2!N29="超過額"," ","") | CQ139: =年末調整2!U29 -> 0
J140: =給与金額!O6 -> 0 | K140: =給与金額!P6 -> 0 | M140: =給与金額!Q6 -> 0 | U140: =給与金額!R6 -> 0 | AB140: =給与金額!S6 -> 0 | AK140: =給与金額!T6 -> 0
AN141: =給与金額!W6 -> 0
CQ143: =年末調整2!U30 -> 0
AP144: =給与金額!U7 -> 0
AW146: =給与金額!X7 -> 0 | BC146: =給与金額!Y7 -> 0
J147: =給与金額!O7 -> 0 | K147: =給与金額!P7 -> 0 | M147: =給与金額!Q7 -> 0 | U147: =給与金額!R7 -> 0 | AB147: =給与金額!S7 -> 0 | AK147: =給与金額!T7 -> 0 | AN147: =給与金額!W7 -> 0 | CQ147: =年末調整2!U31 -> 0
AP151: =給与金額!U8 -> 0 | CQ151: =年末調整2!U32
AW153: =給与金額!X8 -> 0 | BC153: =給与金額!Y8 -> 0
J154: =給与金額!O8 -> 0 | K154: =給与金額!P8 -> 0 | M154: =給与金額!Q8 -> 0 | U154: =給与金額!R8 -> 0 | AB154: =給与金額!S8 -> 0 | AK154: =給与金額!T8 -> 0 | AN154: =給与金額!W8 -> 0
CQ155: =年末調整2!U33 -> 0
AP158: =給与金額!#REF! -> #REF!
AW159: =給与金額!#REF! -> #REF! | BC159: =給与金額!#REF! -> #REF! | CQ159: =年末調整2!U34 -> 0
J160: =給与金額!#REF! -> #REF! | K160: =給与金額!#REF! -> #REF! | M160: =給与金額!#REF! -> #REF! | U160: =給与金額!#REF! -> #REF! | AB160: =給与金額!#REF! -> #REF! | AK160: =給与金額!#REF! -> #REF!
AN161: =給与金額!#REF! -> #REF!
CQ163: =年末調整2!U35 -> 0
M167: =給与金額!Q9 -> 0 | U167: =給与金額!R9 -> 0 | AB167: =給与金額!S9 -> 0 | AN167: =給与金額!W9 -> 0 | CQ167: =年末調整2!U36 -> 0

Sheet 徴収票印刷
P1: 令和 8 年分 | AF1: 給与所得の源泉徴収票 | BM1: =IF(Sheet1!$B$1="yes",,"ＳＡＭＰＬＥ") -> ＳＡＭＰＬＥ | CD1: 令和 8 年分 | CT1: 給与所得の源泉徴収票 | EA1: =IF(Sheet1!$B$1="yes",,"ＳＡＭＰＬＥ") -> ＳＡＭＰＬＥ
B2: 支 払 を受け る者 | F2: 住所又は居所 | H2: =従業員情報!$H$17 -> 0 | AM2: 氏 名 | AO2: （受給者番号） | AV2: =従業員情報!$H$14 -> 0 | BP2: 支 払 を受け る者 | BT2: 住所又は居所 | BV2: =従業員情報!$H$17 -> 0 | DA2: 氏 名 | DC2: （受給者番号） | DJ2: =従業員情報!$H$14 -> 0
AO3: （個人番号） | AV3: =DBCS(従業員情報!$H$19) | BB3: =DBCS(従業員情報!$K$19) | BH3: =DBCS(従業員情報!$N$19)
AO4: （役職名） | AV4: =従業員情報!$H$13 -> 0 | DC4: （役職名） | DJ4: =従業員情報!$H$13 -> 0
AO5: 氏名 | AQ5: （フリガナ） | AU5: =従業員情報!$H$11 -> 0 | BD5: =従業員情報!$L$11 -> 0 | DC5: 氏名 | DE5: （フリガナ） | DI5: =従業員情報!$H$11 -> 0 | DR5: =従業員情報!$L$11 -> 0
AT6: =従業員情報!$H$12 -> 0 | BD6: =従業員情報!$L$12 -> 0 | DH6: =従業員情報!$H$12 -> 0 | DR6: =従業員情報!$L$12 -> 0
B7: 種 別 | N7: 支 払 金 額 | AA7: 給与所得控除後の金額 (調整控除後） | AN7: 所得控除の額の合計額 | BA7: 源 泉 徴 収 税 額 | BP7: 種 別 | CB7: 支 払 金 額 | CO7: 給与所得控除後の金額 (調整控除後） | DB7: 所得控除の額の合計額 | DO7: 源 泉 徴 収 税 額
B8: =IF(Sheet1!$B$1="yes",従業員情報!$H$24,"ＳＡＭＰＬＥ") -> ＳＡＭＰＬＥ | N8: 内 | Z8: 円 | AM8: 円 | AZ8: 円 | BA8: 内 | BM8: 円 | BP8: =IF(Sheet1!$B$1="yes",従業員情報!$H$24,"ＳＡＭＰＬＥ") -> ＳＡＭＰＬＥ | CB8: 内 | CN8: 円 | DA8: 円 | DN8: 円 | DO8: 内 | EA8: 円
N9: =IF(Sheet1!$B$1="yes",年末調整2!$N$7,"ＳＡＭＰＬＥ") -> ＳＡＭＰＬＥ | AA9: =IF(従業員情報!$E$5="要",年末調整2!$N$10,"") -> 0 | AN9: =IF(従業員情報!$E$5="要",年末調整2!$N$21,"") -> 1040000 | BA9: =IF(IF(従業員情報!$E$5="否",年末調整2!$U$7,年末調整2!$U$28)=0,"0",IF(従業員情報!$E$5="否",年末調整2!$U$7,年末調整2!$U$28)) -> 0 | CB9: =IF(Sheet1!$B$1="yes",年末調整2!$N$7,"ＳＡＭＰＬＥ") -> ＳＡＭＰＬＥ | CO9: =IF(従業員情報!$E$5="要",年末調整2!$N$10,"") -> 0 | DB9: =IF(従業員情報!$E$5="要",年末調整2!$N$21,"") -> 1040000 | DO9: =IF(IF(従業員情報!$E$5="否",年末調整2!$U$7,年末調整2!$U$28)=0,"0",IF(従業員情報!$E$5="否",年末調整2!$U$7,年末調整2!$U$28)) -> 0
B10: （源泉）控除対象配偶者 | K10: 配偶者(特別) 控除の額 | T10: 控除対象扶養親族の数 | AU10: 16歳未満扶養親族の数 | AY10: 障 害 者 の 数 （本人を除く） | BJ10: 非居住者である 親族の数 | BP10: （源泉）控除対象配偶者 | BY10: 配偶者(特別) 控除の額 | CH10: 控除対象扶養親族の数 | DI10: 16歳未満扶養親族の数 | DM10: 障 害 者 の 数 （本人を除く） | DX10: 非居住者である 親族の数
B11: の有無等 | H11: 老人 | T11: （ 配 偶 者 を 除 く。 ） | BP11: の有無等 | BV11: 老人 | CH11: （ 配 偶 者 を 除 く。 ）
T12: 特 定 | Z12: 老 人 | AI12: その他 | AO12: 特 親 | AY12: 特 別 | BF12: その他 | CH12: 特 定 | CN12: 老 人 | CW12: その他 | DC12: 特 親 | DM12: 特 別 | DT12: その他
B13: 有 | E13: 従有 | S13: 円 | T13: 人 | X13: 従人 | AB13: 内 | AC13: 人 | AG13: 従人 | AI13: 人 | AM13: 従人 | AO13: 人 | AS13: 従人 | AU13: 人 | AY13: 内 | BB13: 人 | BF13: 人 | BJ13: 人 | BP13: 有 | BS13: 従有 | CG13: 円 | CH13: 人 | CL13: 従人 | CP13: 内 | CQ13: 人 | CU13: 従人 | CW13: 人 | DA13: 従人 | DC13: 人 | DG13: 従人 | DI13: 人 | DM13: 内 | DP13: 人 | DT13: 人 | DX13: 人
B14: =IF(AND(従業員情報!$E$5="要",OR(年末調整1!$C$43="一般の控除対象配偶者",年末調整1!$C$43="老人控除対象配偶者")),"○","") | H14: =IF(AND(従業員情報!$E$5="要",年末調整1!$C$43="老人控除対象配偶者"),"○","") | K14: =年末調整1!$L$44+年末調整1!$V$44 -> 0 | T14: =年末調整1!$BC$65 -> 0 | Z14: =年末調整1!$BE$65 -> 0 | AC14: =年末調整1!$BG$65+年末調整1!$BE$65 -> 0 | AI14: =年末調整1!$BI$65 -> 0 | AO14: =年末調整1!$BK$65 -> 0 | AU14: =年末調整1!$BC$80 -> 0 | AY14: =年末調整1!$C$104 -> 0 | BB14: =年末調整1!$G$104+年末調整1!$C$104 -> 0 | BF14: =年末調整1!$K$104 -> 0 | BJ14: =IF(年末調整1!$C$43="適用なし",0,IF(年末調整1!$P$37="○",1,0))+COUNTIF(年末調整1!$V$55:$W$88,"○") -> 0 | BP14: =IF(AND(従業員情報!$E$5="要",OR(年末調整1!$C$43="一般の控除対象配偶者",年末調整1!$C$43="老人控除対象配偶者")),"○","") | BV14: =IF(AND(従業員情報!$E$5="要",年末調整1!$C$43="老人控除対象配偶者"),"○","") | BY14: =年末調整1!$L$44+年末調整1!$V$44 -> 0 | CH14: =年末調整1!$BC$65 -> 0 | CN14: =年末調整1!$BE$65 -> 0 | CQ14: =年末調整1!$BG$65+年末調整1!$BE$65 -> 0 | CW14: =年末調整1!$BI$65 -> 0 | DC14: =年末調整1!$BK$65 -> 0 | DI14: =年末調整1!$BC$80 -> 0 | DM14: =年末調整1!$C$104 -> 0 | DP14: =年末調整1!$G$104+年末調整1!$C$104 -> 0 | DT14: =年末調整1!$K$104 -> 0 | DX14: =IF(年末調整1!$C$43="適用なし",0,IF(年末調整1!$P$37="○",1,0))+COUNTIF(年末調整1!$V$55:$W$88,"○") -> 0
B17: 特定親族特別控除の額 | N17: 社会保険料等の金額 | AA17: 生命保険料の控除額 | AN17: 地震保険料の控除額 | BA17: 住宅借入金等特別控除の額 | BP17: 特定親族特別控除の額 | CB17: 社会保険料等の金額 | CO17: 生命保険料の控除額 | DB17: 地震保険料の控除額 | DO17: 住宅借入金等特別控除の額
M18: 円 | Z18: 円 | AM18: 円 | AZ18: 円 | BM18: 円 | CA18: 円 | CN18: 円 | DA18: 円 | DN18: 円 | EA18: 円
B19: =年末調整1!$O$91 -> 0 | N19: =年末調整2!$N$11+年末調整2!$N$12+年末調整2!$N$13 -> 0 | AA19: =年末調整2!$N$14 -> 0 | AN19: =年末調整2!$N$15 -> 0 | BA19: =MIN(年末調整2!$U$23,年末調整2!$U$25) -> 0 | BP19: =年末調整1!$O$91 -> 0 | CB19: =年末調整2!$N$11+年末調整2!$N$12+年末調整2!$N$13 -> 0 | CO19: =年末調整2!$N$14 -> 0 | DB19: =年末調整2!$N$15 -> 0 | DO19: =MIN(年末調整2!$U$23,年末調整2!$U$25) -> 0
B21: (摘要） | G21: =IF(従業員情報!$E$5="要","","年末調整未済") | R21: =年末調整1!$D$159 | T21: =年末調整1!$E$159 | AB21: =年末調整1!$J$159 -> 0 | AL21: =年末調整1!$P$159 | AN21: =年末調整1!$Q$159 | AV21: =年末調整1!$V$159 -> 0 | BP21: (摘要） | BU21: =IF(従業員情報!$E$5="要","","年末調整未済") | CF21: =年末調整1!$D$159 | CH21: =年末調整1!$E$159 | CP21: =年末調整1!$J$159 -> 0 | CZ21: =年末調整1!$P$159 | DB21: =年末調整1!$Q$159 | DJ21: =年末調整1!$V$159 -> 0
F22: =年末調整1!$C$160 -> 0 | BT22: =年末調整1!$C$160 -> 0
B26: 生命保険料の 金額の 内訳 | F26: 新生命保険料の金額 | Q26: 円 | R26: 旧生命保険料の金額 | AC26: 円 | AD26: 介護医療保 険料の金額 | AO26: 円 | AP26: 新個人年金 保険料の金額 | BA26: 円 | BB26: 旧個人年金 保険料の金額 | BM26: 円 | BP26: 生命保険料の 金額の 内訳 | BT26: 新生命保険料の金額 | CE26: 円 | CF26: 旧生命保険料の金額 | CQ26: 円 | CR26: 介護医療保 険料の金額 | DC26: 円 | DD26: 新個人年金 保険料の金額 | DO26: 円 | DP26: 旧個人年金 保険料の金額 | EA26: 円
K27: =年末調整1!$N$127 -> 0 | W27: =年末調整1!$N$129 -> 0 | AI27: =年末調整1!$N$131 -> 0 | AU27: =年末調整1!$N$133 -> 0 | BG27: =年末調整1!$N$135 -> 0 | BY27: =年末調整1!$N$127 -> 0 | CK27: =年末調整1!$N$129 -> 0 | CW27: =年末調整1!$N$131 -> 0 | DI27: =年末調整1!$N$133 -> 0 | DU27: =年末調整1!$N$135 -> 0
B28: 住宅借入金等特別控除の額の内訳 | F28: 住宅借入金等 特別控除適用数 | K28: =年末調整1!$N$145 -> 0 | R28: 居住開始年月日（１回目） | W28: 年 | AB28: 月 | AF28: 日 | AJ28: 住宅借入金等特別 控除区分（１回目） | AP28: =年末調整1!$N$148 -> 0 | AV28: 住宅借入金等 年末残高（１回目） | BB28: 円 | BP28: 住宅借入金等特別控除の額の内訳 | BT28: 住宅借入金等 特別控除適用数 | BY28: =年末調整1!$N$145 -> 0 | CF28: 居住開始年月日（１回目） | CK28: 年 | CP28: 月 | CT28: 日 | CX28: 住宅借入金等特別 控除区分（１回目） | DD28: =年末調整1!$N$148 -> 0 | DJ28: 住宅借入金等 年末残高（１回目） | DP28: 円
W29: =年末調整1!$N$152 -> 0 | AB29: =年末調整1!$Q$152 -> 0 | AF29: =年末調整1!$S$152 -> 0 | BB29: =年末調整1!$AL$145 -> 0 | CK29: =年末調整1!$N$152 -> 0 | CP29: =年末調整1!$Q$152 -> 0 | CT29: =年末調整1!$S$152 -> 0 | DP29: =年末調整1!$AL$145 -> 0
F30: 住宅借入金等 特別控除可能額 | Q30: 円 | R30: 居住開始年月日（２回目） | W30: 年 | AB30: 月 | AF30: 日 | AJ30: 住宅借入金等特別 控除区分（２回目） | AV30: 住宅借入金等 年末残高（２回目） | BB30: 円 | BT30: 住宅借入金等 特別控除可能額 | CE30: 円 | CF30: 居住開始年月日（２回目） | CK30: 年 | CP30: 月 | CT30: 日 | CX30: 住宅借入金等特別 控除区分（２回目） | DJ30: 住宅借入金等 年末残高（２回目） | DP30: 円
K31: =年末調整1!$AL$148 -> 0 | BY31: =年末調整1!$AL$148 -> 0
B32: (源泉・特別)控除対象 配偶者 | E32: （フリガナ） | J32: =IF(年末調整1!$C$43="適用なし","",年末調整1!$G$37) | Y32: 区分 | AA32: =IF(年末調整1!$C$43="適用なし","",年末調整1!$P$37) | AD32: 配偶者の 合計所得 | AJ32: 円 | AP32: 国民年金保険 料等の金額 | AV32: 円 | BB32: 旧長期損害 保険料の金額 | BH32: 円 | BP32: (源泉・特別)控除対象 配偶者 | BS32: （フリガナ） | BX32: =IF(年末調整1!$C$43="適用なし","",年末調整1!$G$37) | CM32: 区分 | CO32: =IF(年末調整1!$C$43="適用なし","",年末調整1!$P$37) | CR32: 配偶者の 合計所得 | CX32: 円 | DD32: 国民年金保険 料等の金額 | DJ32: 円 | DP32: 旧長期損害 保険料の金額 | DV32: 円
E33: 氏名 | J33: =IF(年末調整1!$C$43="適用なし","",年末調整1!$G$38) | AJ33: =IF(年末調整1!$O$31="","",IF(年末調整1!$C$43="適用なし","",年末調整1!$O$31)) | AV33: =年末調整1!$N$114 -> 0 | BH33: =年末調整1!$AL$129 -> 0 | BS33: 氏名 | BX33: =IF(年末調整1!$C$43="適用なし","",年末調整1!$G$38) | CX33: =IF(年末調整1!$O$31="","",IF(年末調整1!$C$43="適用なし","",年末調整1!$O$31)) | DJ33: =年末調整1!$N$114 -> 0 | DV33: =年末調整1!$AL$129 -> 0
AP34: 基礎控除の額 | AV34: 円 | BB34: 所得金額 調整控除額 | BH34: 円 | DD34: 基礎控除の額 | DJ34: 円 | DP34: 所得金額 調整控除額 | DV34: 円
E35: 個人番号 | J35: =IF(年末調整1!$C$43="適用なし","",DBCS(年末調整1!$R$37)) | Q35: =IF(年末調整1!$C$43="適用なし","",DBCS(年末調整1!$V$37)) | W35: =IF(年末調整1!$C$43="適用なし","",DBCS(年末調整1!$Z$37)) | AV35: =IF(年末調整2!$N$20=480000,"",年末調整2!$N$20) -> 1040000 | BH35: =年末調整2!$N$9 -> 0 | DJ35: =IF(年末調整2!$N$20=480000,"",年末調整2!$N$20) -> 1040000 | DV35: =年末調整2!$N$9 -> 0
B36: 控除対象扶養親族 | D36: 1 | E36: （フリガナ） | J36: =年末調整1!$G$55 -> 0 | Y36: 区分 | AA36: =年末調整1!$V$55 -> 0 | AD36: 16歳未満の扶養親族 | AF36: 1 | AG36: （フリガナ） | AL36: =年末調整1!$H$77 -> 0 | BA36: 区分 | BC36: =年末調整1!$V$77 -> 0 | BF36: （備考） | BP36: 控除対象扶養親族 | BR36: 1 | BS36: （フリガナ） | BX36: =年末調整1!$G$55 -> 0 | CM36: 区分 | CO36: =年末調整1!$V$55 -> 0 | CR36: 16歳未満の扶養親族 | CT36: 1 | CU36: （フリガナ） | CZ36: =年末調整1!$H$77 -> 0 | DO36: 区分 | DQ36: =年末調整1!$V$77 -> 0
E37: 氏名 | J37: =年末調整1!$G$56 -> 0 | AG37: 氏名 | AL37: =年末調整1!$G$78 -> 0 | BF37: =IF(年末調整1!$X$67=0,"","（1）") | BS37: 氏名 | BX37: =年末調整1!$G$56 -> 0 | CU37: 氏名 | CZ37: =年末調整1!$G$78 -> 0
E38: 個人番号 | J38: =DBCS(年末調整1!$X$55) | Q38: =DBCS(年末調整1!$AB$55) | W38: =DBCS(年末調整1!$AF$55) | AG38: 個人番号 | BG38: =年末調整1!$X$67 -> 0 | BI38: =年末調整1!$AB$67 -> 0 | BK38: =年末調整1!$AF$67 -> 0
D39: 2 | E39: （フリガナ） | J39: =年末調整1!$G$58 -> 0 | Y39: 区分 | AA39: =年末調整1!$V$58 -> 0 | AF39: 2 | AG39: （フリガナ） | AL39: =年末調整1!$H$80 -> 0 | BA39: 区分 | BC39: =年末調整1!$V$80 -> 0 | BF39: =IF(年末調整1!$X$70=0,"","（2）") | BR39: 2 | BS39: （フリガナ） | BX39: =年末調整1!$G$58 -> 0 | CM39: 区分 | CO39: =年末調整1!$V$58 -> 0 | CT39: 2 | CU39: （フリガナ） | CZ39: =年末調整1!$H$80 -> 0 | DO39: 区分 | DQ39: =年末調整1!$V$80 -> 0
E40: 氏名 | J40: =年末調整1!$G$59 -> 0 | AG40: 氏名 | AL40: =年末調整1!$G$81 -> 0 | BG40: =年末調整1!$X$70 -> 0 | BI40: =年末調整1!$AB$70 -> 0 | BK40: =年末調整1!$AF$70 -> 0 | BS40: 氏名 | BX40: =年末調整1!$G$59 -> 0 | CU40: 氏名 | CZ40: =年末調整1!$G$81 -> 0
E41: 個人番号 | J41: =DBCS(年末調整1!$X$58) | Q41: =DBCS(年末調整1!$AB$58) | W41: =DBCS(年末調整1!$AF$58) | AG41: 個人番号
D42: 3 | E42: （フリガナ） | J42: =年末調整1!$G$61 -> 0 | Y42: 区分 | AA42: =年末調整1!$V$61 -> 0 | AF42: 3 | AG42: （フリガナ） | AL42: =年末調整1!$H$83 -> 0 | BA42: 区分 | BC42: =年末調整1!$V$83 -> 0 | BR42: 3 | BS42: （フリガナ） | BX42: =年末調整1!$G$61 -> 0 | CM42: 区分 | CO42: =年末調整1!$V$61 -> 0 | CT42: 3 | CU42: （フリガナ） | CZ42: =年末調整1!$H$83 -> 0 | DO42: 区分 | DQ42: =年末調整1!$V$83 -> 0
E43: 氏名 | J43: =年末調整1!$G$62 -> 0 | AG43: 氏名 | AL43: =年末調整1!$G$84 -> 0 | BS43: 氏名 | BX43: =年末調整1!$G$62 -> 0 | CU43: 氏名 | CZ43: =年末調整1!$G$84 -> 0
E44: 個人番号 | J44: =DBCS(年末調整1!$X$61) | Q44: =DBCS(年末調整1!$AB$61) | W44: =DBCS(年末調整1!$AF$61) | AG44: 個人番号
D45: 4 | E45: （フリガナ） | J45: =年末調整1!$G$64 -> 0 | Y45: 区分 | AA45: =年末調整1!$V$64 -> 0 | AF45: 4 | AG45: （フリガナ） | AL45: =年末調整1!$H$86 -> 0 | BA45: 区分 | BC45: =年末調整1!$V$86 -> 0 | BR45: 4 | BS45: （フリガナ） | BX45: =年末調整1!$G$64 -> 0 | CM45: 区分 | CO45: =年末調整1!$V$64 -> 0 | CT45: 4 | CU45: （フリガナ） | CZ45: =年末調整1!$H$86 -> 0 | DO45: 区分 | DQ45: =年末調整1!$V$86 -> 0
E46: 氏名 | J46: =年末調整1!$G$65 -> 0 | AG46: 氏名 | AL46: =年末調整1!$G$87 -> 0 | BS46: 氏名 | BX46: =年末調整1!$G$65 -> 0 | CU46: 氏名 | CZ46: =年末調整1!$G$87 -> 0
E47: 個人番号 | J47: =DBCS(年末調整1!$X$64) | Q47: =DBCS(年末調整1!$AB$64) | W47: =DBCS(年末調整1!$AF$64) | AG47: 個人番号
B48: 未成年者 | E48: 外国人 | H48: 死亡退職 | K48: 災害者 | N48: 乙欄 | Q48: 本人が障害者 | W48: 寡婦 | Z48: ひとり親 | AC48: 勤労学生 | AG48: 中途・就退職 | AV48: 受 給 者 生 年 月 日 | BP48: 未成年者 | BS48: 外国人 | BV48: 死亡退職 | BY48: 災害者 | CB48: 乙欄 | CE48: 本人が障害者 | CK48: 寡婦 | CN48: ひとり親 | CQ48: 勤労学生 | CU48: 中途・就退職 | DJ48: 受 給 者 生 年 月 日
Q49: 特別 | T49: その他 | CE49: 特別 | CH49: その他
AG50: 就職 | AJ50: 退職 | AM50: 年 | AP50: 月 | AS50: 日 | AV50: 元号 | BE50: 年 | BH50: 月 | BK50: 日 | CU50: 就職 | CX50: 退職 | DA50: 年 | DD50: 月 | DG50: 日 | DJ50: 元号 | DS50: 年 | DV50: 月 | DY50: 日
A52: （税務署提出用） | B52: =年末調整1!$C$10 -> 0 | E52: =年末調整1!$E$10 -> 0 | H52: =年末調整1!$G$10 -> 0 | K52: =年末調整1!$I$10 -> 0 | N52: =年末調整1!$K$10 -> 0 | Q52: =年末調整1!$M$10 -> 0 | T52: =年末調整1!$O$10 -> 0 | W52: =年末調整1!$Q$10 -> 0 | Z52: =年末調整1!$S$10 -> 0 | AC52: =年末調整1!$U$10 -> 0 | AG52: =従業員情報!$H$30 -> 0 | AM52: =従業員情報!$N$30 -> 0 | AP52: =従業員情報!$Q$30 -> 0 | AS52: =従業員情報!$T$30 -> 0 | AV52: =従業員情報!$H$22 -> 0 | BE52: =従業員情報!$L$22 -> 3 | BH52: =従業員情報!$N$22 -> 4 | BK52: =従業員情報!$P$22 -> 5 | BO52: （受給者交付用） | BP52: =年末調整1!$C$10 -> 0 | BS52: =年末調整1!$E$10 -> 0 | BV52: =年末調整1!$G$10 -> 0 | BY52: =年末調整1!$I$10 -> 0 | CB52: =年末調整1!$K$10 -> 0 | CE52: =年末調整1!$M$10 -> 0 | CH52: =年末調整1!$O$10 -> 0 | CK52: =年末調整1!$Q$10 -> 0 | CN52: =年末調整1!$S$10 -> 0 | CQ52: =年末調整1!$U$10 -> 0 | CU52: =従業員情報!$H$30 -> 0 | DA52: =従業員情報!$N$30 -> 0 | DD52: =従業員情報!$Q$30 -> 0 | DG52: =従業員情報!$T$30 -> 0 | DJ52: =従業員情報!$H$22 -> 0 | DS52: =従業員情報!$L$22 -> 3 | DV52: =従業員情報!$N$22 -> 4 | DY52: =従業員情報!$P$22 -> 5
AJ53: =従業員情報!$K$30 -> 0 | AM53: =従業員情報!$K$33 -> 0 | AP53: =従業員情報!#REF! -> #REF! | AS53: =従業員情報!#REF! -> #REF! | CX53: =従業員情報!$K$30 -> 0 | DA53: =従業員情報!$K$33 -> 0 | DD53: =従業員情報!#REF! -> #REF! | DG53: =従業員情報!#REF! -> #REF!
B54: 支 払 者 | E54: 個人番号又は 法人番号 | L54: =DBCS(事業者情報!$I$12) | N54: =DBCS(事業者情報!$J$12) | V54: =DBCS(事業者情報!$M$12) | AD54: =DBCS(事業者情報!$P$12) | AL54: （右詰で記載してください。） | BP54: 支 払 者 | BS54: 個人番号又は 法人番号
E55: 住所（居所） 又は所在地 | L55: =事業者情報!$I$9 -> 0 | BS55: 住所（居所） 又は所在地 | BZ55: =事業者情報!$I$9 -> 0
E56: 氏名又は名称 | L56: =事業者情報!$I$10 -> 0 | AV56: （電話） | AZ56: =事業者情報!$I$11 -> 0 | BS56: 氏名又は名称 | BZ56: =事業者情報!$I$10 -> 0 | DJ56: （電話） | DN56: =事業者情報!$I$11 -> 0
B58: 整 理 欄 | BK58: 375
BM61: =IF(Sheet1!$B$1="yes",,"ＳＡＭＰＬＥ") -> ＳＡＭＰＬＥ | EA61: =IF(Sheet1!$B$1="yes",,"ＳＡＭＰＬＥ") -> ＳＡＭＰＬＥ
A62: ⑨ | B62: ※ | AL62: ※種別 | AT62: ※整理番号 | BE62: ※ | BO62: ⑨ | BP62: ※ | CZ62: ※種別 | DH62: ※整理番号 | DS62: ※
B64: 支 払 を受け る者 | F64: 住所又は居所 | H64: =従業員情報!$H$17 -> 0 | AM64: 氏 名 | AO64: （受給者番号） | AV64: =従業員情報!$H$14 -> 0 | BP64: 支 払 を受け る者 | BT64: 住所又は居所 | BV64: =従業員情報!$H$17 -> 0 | DA64: 氏 名 | DC64: （受給者番号） | DJ64: =従業員情報!$H$14 -> 0
A65: 給与支払報告書（個人別明細書) | AO65: （個人番号） | AV65: =DBCS(従業員情報!$H$19) | BB65: =DBCS(従業員情報!$K$19) | BH65: =DBCS(従業員情報!$N$19) | BO65: 給与支払報告書（個人別明細書) | DC65: （個人番号） | DJ65: =DBCS(従業員情報!$H$19) | DP65: =DBCS(従業員情報!$K$19) | DV65: =DBCS(従業員情報!$N$19)
AO66: （役職名） | AV66: =従業員情報!$H$13 -> 0 | DC66: （役職名） | DJ66: =従業員情報!$H$13 -> 0
AO67: 氏名 | AQ67: （フリガナ） | AU67: =従業員情報!$H$11 -> 0 | BD67: =従業員情報!$L$11 -> 0 | DC67: 氏名 | DE67: （フリガナ） | DI67: =従業員情報!$H$11 -> 0 | DR67: =従業員情報!$L$11 -> 0
AT68: =従業員情報!$H$12 -> 0 | BD68: =従業員情報!$L$12 -> 0 | DH68: =従業員情報!$H$12 -> 0 | DR68: =従業員情報!$L$12 -> 0
B69: 種 別 | N69: 支 払 金 額 | AA69: 給与所得控除後の金額 (調整控除後） | AN69: 所得控除の額の合計額 | BA69: 源 泉 徴 収 税 額 | BP69: 種 別 | CB69: 支 払 金 額 | CO69: 給与所得控除後の金額 (調整控除後） | DB69: 所得控除の額の合計額 | DO69: 源 泉 徴 収 税 額
B70: =IF(Sheet1!$B$1="yes",従業員情報!$H$24,"ＳＡＭＰＬＥ") -> ＳＡＭＰＬＥ | N70: 内 | Z70: 円 | AM70: 円 | AZ70: 円 | BA70: 内 | BM70: 円 | BP70: =IF(Sheet1!$B$1="yes",従業員情報!$H$24,"ＳＡＭＰＬＥ") -> ＳＡＭＰＬＥ | CB70: 内 | CN70: 円 | DA70: 円 | DN70: 円 | DO70: 内 | EA70: 円
N71: =IF(Sheet1!$B$1="yes",年末調整2!$N$7,"ＳＡＭＰＬＥ") -> ＳＡＭＰＬＥ | AA71: =IF(従業員情報!$E$5="要",年末調整2!$N$10,"") -> 0 | AN71: =IF(従業員情報!$E$5="要",年末調整2!$N$21,"") -> 1040000 | BA71: =IF(IF(従業員情報!$E$5="否",年末調整2!$U$7,年末調整2!$U$28)=0,"0",IF(従業員情報!$E$5="否",年末調整2!$U$7,年末調整2!$U$28)) -> 0 | CB71: =IF(Sheet1!$B$1="yes",年末調整2!$N$7,"ＳＡＭＰＬＥ") -> ＳＡＭＰＬＥ | CO71: =IF(従業員情報!$E$5="要",年末調整2!$N$10,"") -> 0 | DB71: =IF(従業員情報!$E$5="要",年末調整2!$N$21,"") -> 1040000 | DO71: =IF(IF(従業員情報!$E$5="否",年末調整2!$U$7,年末調整2!$U$28)=0,"0",IF(従業員情報!$E$5="否",年末調整2!$U$7,年末調整2!$U$28)) -> 0
B72: （源泉）控除対象配偶者 | K72: 配偶者(特別) 控除の額 | T72: 控除対象扶養親族の数 | AU72: 16歳未満扶養親族の数 | AY72: 障 害 者 の 数 （本人を除く） | BJ72: 非居住者である 親族の数 | BP72: （源泉）控除対象配偶者 | BY72: 配偶者(特別) 控除の額 | CH72: 控除対象扶養親族の数 | DI72: 16歳未満扶養親族の数 | DM72: 障 害 者 の 数 （本人を除く） | DX72: 非居住者である 親族の数
B73: の有無等 | H73: 老人 | T73: （ 配 偶 者 を 除 く。 ） | BP73: の有無等 | BV73: 老人 | CH73: （ 配 偶 者 を 除 く。 ）
T74: 特 定 | Z74: 老 人 | AI74: その他 | AO74: 特 親 | AY74: 特 別 | BF74: その他 | CH74: 特 定 | CN74: 老 人 | CW74: その他 | DC74: 特 親 | DM74: 特 別 | DT74: その他
B75: 有 | E75: 従有 | S75: 円 | T75: 人 | X75: 従人 | AB75: 内 | AC75: 人 | AG75: 従人 | AI75: 人 | AM75: 従人 | AO75: 人 | AS75: 従人 | AU75: 人 | AY75: 内 | BB75: 人 | BF75: 人 | BJ75: 人 | BP75: 有 | BS75: 従有 | CG75: 円 | CH75: 人 | CL75: 従人 | CP75: 内 | CQ75: 人 | CU75: 従人 | CW75: 人 | DA75: 従人 | DC75: 人 | DG75: 従人 | DI75: 人 | DM75: 内 | DP75: 人 | DT75: 人 | DX75: 人
B76: =IF(AND(従業員情報!$E$5="要",OR(年末調整1!$C$43="一般の控除対象配偶者",年末調整1!$C$43="老人控除対象配偶者")),"○","") | H76: =IF(AND(従業員情報!$E$5="要",年末調整1!$C$43="老人控除対象配偶者"),"○","") | K76: =年末調整1!$L$44+年末調整1!$V$44 -> 0 | T76: =年末調整1!$BC$65 -> 0 | Z76: =年末調整1!$BE$65 -> 0 | AC76: =年末調整1!$BG$65+年末調整1!$BE$65 -> 0 | AI76: =年末調整1!$BI$65 -> 0 | AO76: =年末調整1!$BK$65 -> 0 | AU76: =年末調整1!$BC$80 -> 0 | AY76: =年末調整1!$C$104 -> 0 | BB76: =年末調整1!$G$104+年末調整1!$C$104 -> 0 | BF76: =年末調整1!$K$104 -> 0 | BJ76: =IF(年末調整1!$C$43="適用なし",0,IF(年末調整1!$P$37="○",1,0))+COUNTIF(年末調整1!$V$55:$W$88,"○") -> 0 | BP76: =IF(AND(従業員情報!$E$5="要",OR(年末調整1!$C$43="一般の控除対象配偶者",年末調整1!$C$43="老人控除対象配偶者")),"○","") | BV76: =IF(AND(従業員情報!$E$5="要",年末調整1!$C$43="老人控除対象配偶者"),"○","") | BY76: =年末調整1!$L$44+年末調整1!$V$44 -> 0 | CH76: =年末調整1!$BC$65 -> 0 | CN76: =年末調整1!$BE$65 -> 0 | CQ76: =年末調整1!$BG$65+年末調整1!$BE$65 -> 0 | CW76: =年末調整1!$BI$65 -> 0 | DC76: =年末調整1!$BK$65 -> 0 | DI76: =年末調整1!$BC$80 -> 0 | DM76: =年末調整1!$C$104 -> 0 | DP76: =年末調整1!$G$104+年末調整1!$C$104 -> 0 | DT76: =年末調整1!$K$104 -> 0 | DX76: =IF(年末調整1!$C$43="適用なし",0,IF(年末調整1!$P$37="○",1,0))+COUNTIF(年末調整1!$V$55:$W$88,"○") -> 0
B79: 特定親族特別控除の額 | N79: 社会保険料等の金額 | AA79: 生命保険料の控除額 | AN79: 地震保険料の控除額 | BA79: 住宅借入金等特別控除の額 | BP79: 特定親族特別控除の額 | CB79: 社会保険料等の金額 | CO79: 生命保険料の控除額 | DB79: 地震保険料の控除額 | DO79: 住宅借入金等特別控除の額
M80: 円 | Z80: 円 | AM80: 円 | AZ80: 円 | BM80: 円 | CA80: 円 | CN80: 円 | DA80: 円 | DN80: 円 | EA80: 円
B81: =年末調整1!$O$91 -> 0 | N81: =年末調整2!$N$11+年末調整2!$N$12+年末調整2!$N$13 -> 0 | AA81: =年末調整2!$N$14 -> 0 | AN81: =年末調整2!$N$15 -> 0 | BA81: =MIN(年末調整2!$U$23,年末調整2!$U$25) -> 0 | BP81: =年末調整1!$O$91 -> 0 | CB81: =年末調整2!$N$11+年末調整2!$N$12+年末調整2!$N$13 -> 0 | CO81: =年末調整2!$N$14 -> 0 | DB81: =年末調整2!$N$15 -> 0 | DO81: =MIN(年末調整2!$U$23,年末調整2!$U$25) -> 0
B83: (摘要） | G83: =IF(従業員情報!$E$5="要","","年末調整未済") | R83: =年末調整1!$D$159 | T83: =年末調整1!$E$159 | AB83: =年末調整1!$J$159 -> 0 | AL83: =年末調整1!$P$159 | AN83: =年末調整1!$Q$159 | AV83: =年末調整1!$V$159 -> 0 | BP83: (摘要） | BU83: =IF(従業員情報!$E$5="要","","年末調整未済") | CF83: =年末調整1!$D$159 | CH83: =年末調整1!$E$159 | CP83: =年末調整1!$J$159 -> 0 | CZ83: =年末調整1!$P$159 | DB83: =年末調整1!$Q$159 | DJ83: =年末調整1!$V$159 -> 0
F84: =年末調整1!$C$160 -> 0 | BT84: =年末調整1!$C$160 -> 0
B88: 生命保険料の 金額の 内訳 | F88: 新生命保険料の金額 | Q88: 円 | R88: 旧生命保険料の金額 | AC88: 円 | AD88: 介護医療保 険料の金額 | AO88: 円 | AP88: 新個人年金 保険料の金額 | BA88: 円 | BB88: 旧個人年金 保険料の金額 | BM88: 円 | BP88: 生命保険料の 金額の 内訳 | BT88: 新生命保険料の金額 | CE88: 円 | CF88: 旧生命保険料の金額 | CQ88: 円 | CR88: 介護医療保 険料の金額 | DC88: 円 | DD88: 新個人年金 保険料の金額 | DO88: 円 | DP88: 旧個人年金 保険料の金額 | EA88: 円
K89: =年末調整1!$N$127 -> 0 | W89: =年末調整1!$N$129 -> 0 | AI89: =年末調整1!$N$131 -> 0 | AU89: =年末調整1!$N$133 -> 0 | BG89: =年末調整1!$N$135 -> 0 | BY89: =年末調整1!$N$127 -> 0 | CK89: =年末調整1!$N$129 -> 0 | CW89: =年末調整1!$N$131 -> 0 | DI89: =年末調整1!$N$133 -> 0 | DU89: =年末調整1!$N$135 -> 0
B90: 住宅借入金等特別控除の額の内訳 | F90: 住宅借入金等 特別控除適用数 | K90: =年末調整1!$N$145 -> 0 | R90: 居住開始年月日（１回目） | W90: 年 | AB90: 月 | AF90: 日 | AJ90: 住宅借入金等特別 控除区分（１回目） | AP90: =年末調整1!$N$148 -> 0 | AV90: 住宅借入金等 年末残高（１回目） | BB90: 円 | BP90: 住宅借入金等特別控除の額の内訳 | BT90: 住宅借入金等 特別控除適用数 | BY90: =年末調整1!$N$145 -> 0 | CF90: 居住開始年月日（１回目） | CK90: 年 | CP90: 月 | CT90: 日 | CX90: 住宅借入金等特別 控除区分（１回目） | DD90: =年末調整1!$N$148 -> 0 | DJ90: 住宅借入金等 年末残高（１回目） | DP90: 円
W91: =年末調整1!$N$152 -> 0 | AB91: =年末調整1!$Q$152 -> 0 | AF91: =年末調整1!$S$152 -> 0 | BB91: =年末調整1!$AL$145 -> 0 | CK91: =年末調整1!$N$152 -> 0 | CP91: =年末調整1!$Q$152 -> 0 | CT91: =年末調整1!$S$152 -> 0 | DP91: =年末調整1!$AL$145 -> 0
F92: 住宅借入金等 特別控除可能額 | Q92: 円 | R92: 居住開始年月日（２回目） | W92: 年 | AB92: 月 | AF92: 日 | AJ92: 住宅借入金等特別 控除区分（２回目） | AV92: 住宅借入金等 年末残高（２回目） | BB92: 円 | BT92: 住宅借入金等 特別控除可能額 | CE92: 円 | CF92: 居住開始年月日（２回目） | CK92: 年 | CP92: 月 | CT92: 日 | CX92: 住宅借入金等特別 控除区分（２回目） | DJ92: 住宅借入金等 年末残高（２回目） | DP92: 円
K93: =年末調整1!$AL$148 -> 0 | BY93: =年末調整1!$AL$148 -> 0
B94: (源泉・特別)控除対象 配偶者 | E94: （フリガナ） | J94: =IF(年末調整1!$C$43="適用なし","",年末調整1!$G$37) | Y94: 区分 | AA94: =IF(年末調整1!$C$43="適用なし","",年末調整1!$P$37) | AD94: 配偶者の 合計所得 | AJ94: 円 | AP94: 国民年金保険 料等の金額 | AV94: 円 | BB94: 旧長期損害 保険料の金額 | BH94: 円 | BP94: (源泉・特別)控除対象 配偶者 | BS94: （フリガナ） | BX94: =IF(年末調整1!$C$43="適用なし","",年末調整1!$G$37) | CM94: 区分 | CO94: =IF(年末調整1!$C$43="適用なし","",年末調整1!$P$37) | CR94: 配偶者の 合計所得 | CX94: 円 | DD94: 国民年金保険 料等の金額 | DJ94: 円 | DP94: 旧長期損害 保険料の金額 | DV94: 円
E95: 氏名 | J95: =IF(年末調整1!$C$43="適用なし","",年末調整1!$G$38) | AJ95: =IF(年末調整1!$O$31="","",IF(年末調整1!$C$43="適用なし","",年末調整1!$O$31)) | AV95: =年末調整1!$N$114 -> 0 | BH95: =年末調整1!$AL$129 -> 0 | BS95: 氏名 | BX95: =IF(年末調整1!$C$43="適用なし","",年末調整1!$G$38) | CX95: =IF(年末調整1!$O$31="","",IF(年末調整1!$C$43="適用なし","",年末調整1!$O$31)) | DJ95: =年末調整1!$N$114 -> 0 | DV95: =年末調整1!$AL$129 -> 0
AP96: 基礎控除の額 | AV96: 円 | BB96: 所得金額 調整控除額 | BH96: 円 | DD96: 基礎控除の額 | DJ96: 円 | DP96: 所得金額 調整控除額 | DV96: 円
E97: 個人番号 | J97: =IF(年末調整1!$C$43="適用なし","",DBCS(年末調整1!$R$37)) | Q97: =IF(年末調整1!$C$43="適用なし","",DBCS(年末調整1!$V$37)) | W97: =IF(年末調整1!$C$43="適用なし","",DBCS(年末調整1!$Z$37)) | AV97: =IF(年末調整2!$N$20=480000,"",年末調整2!$N$20) -> 1040000 | BH97: =年末調整2!$N$9 -> 0 | BS97: 個人番号 | BX97: =IF(年末調整1!$C$43="適用なし","",DBCS(年末調整1!$R$37)) | CE97: =IF(年末調整1!$C$43="適用なし","",DBCS(年末調整1!$V$37)) | CK97: =IF(年末調整1!$C$43="適用なし","",DBCS(年末調整1!$Z$37)) | DJ97: =IF(年末調整2!$N$20=480000,"",年末調整2!$N$20) -> 1040000 | DV97: =年末調整2!$N$9 -> 0
B98: 控除対象扶養親族 | D98: 1 | E98: （フリガナ） | J98: =年末調整1!$G$55 -> 0 | Y98: 区分 | AA98: =年末調整1!$V$55 -> 0 | AD98: 16歳未満の扶養親族 | AF98: 1 | AG98: （フリガナ） | AL98: =年末調整1!$H$77 -> 0 | BA98: 区分 | BC98: =年末調整1!$V$77 -> 0 | BF98: ５人目以降の控除対象扶養親族の個人番号 | BP98: 控除対象扶養親族 | BR98: 1 | BS98: （フリガナ） | BX98: =年末調整1!$G$55 -> 0 | CM98: 区分 | CO98: =年末調整1!$V$55 -> 0 | CR98: 16歳未満の扶養親族 | CT98: 1 | CU98: （フリガナ） | CZ98: =年末調整1!$H$77 -> 0 | DO98: 区分 | DQ98: =年末調整1!$V$77 -> 0 | DT98: ５人目以降の控除対象扶養親族の個人番号
E99: 氏名 | J99: =年末調整1!$G$56 -> 0 | AG99: 氏名 | AL99: =年末調整1!$G$78 -> 0 | BS99: 氏名 | BX99: =年末調整1!$G$56 -> 0 | CU99: 氏名 | CZ99: =年末調整1!$G$78 -> 0
E100: 個人番号 | J100: =DBCS(年末調整1!$X$55) | Q100: =DBCS(年末調整1!$AB$55) | W100: =DBCS(年末調整1!$AF$55) | AG100: 個人番号 | AL100: =DBCS(年末調整1!$X$77) | AS100: =DBCS(年末調整1!$AB$77) | AY100: =DBCS(年末調整1!$AF$77) | BF100: =IF(年末調整1!$X$67=0,"","（1）") | BS100: 個人番号 | BX100: =DBCS(年末調整1!$X$55) | CE100: =DBCS(年末調整1!$AB$55) | CK100: =DBCS(年末調整1!$AF$55) | CU100: 個人番号 | CZ100: =DBCS(年末調整1!$X$77) | DG100: =DBCS(年末調整1!$AB$77) | DM100: =DBCS(年末調整1!$AF$77) | DT100: =IF(年末調整1!$X$67=0,"","（1）")
D101: 2 | E101: （フリガナ） | J101: =年末調整1!$G$58 -> 0 | Y101: 区分 | AA101: =年末調整1!$V$58 -> 0 | AF101: 2 | AG101: （フリガナ） | AL101: =年末調整1!$H$80 -> 0 | BA101: 区分 | BC101: =年末調整1!$V$80 -> 0 | BG101: =年末調整1!$X$67 -> 0 | BI101: =年末調整1!$AB$67 -> 0 | BK101: =年末調整1!$AF$67 -> 0 | BR101: 2 | BS101: （フリガナ） | BX101: =年末調整1!$G$58 -> 0 | CM101: 区分 | CO101: =年末調整1!$V$58 -> 0 | CT101: 2 | CU101: （フリガナ） | CZ101: =年末調整1!$H$80 -> 0 | DO101: 区分 | DQ101: =年末調整1!$V$80 -> 0 | DU101: =年末調整1!$X$67 -> 0 | DW101: =年末調整1!$AB$67 -> 0 | DY101: =年末調整1!$AF$67 -> 0
E102: 氏名 | J102: =年末調整1!$G$59 -> 0 | AG102: 氏名 | AL102: =年末調整1!$G$81 -> 0 | BF102: =IF(年末調整1!$X$70=0,"","（2）") | BS102: 氏名 | BX102: =年末調整1!$G$59 -> 0 | CU102: 氏名 | CZ102: =年末調整1!$G$81 -> 0 | DT102: =IF(年末調整1!$X$70=0,"","（2）")
E103: 個人番号 | J103: =DBCS(年末調整1!$X$58) | Q103: =DBCS(年末調整1!$AB$58) | W103: =DBCS(年末調整1!$AF$58) | AG103: 個人番号 | AL103: =DBCS(年末調整1!$X$80) | AS103: =DBCS(年末調整1!$AB$80) | AY103: =DBCS(年末調整1!$AF$80) | BG103: =年末調整1!$X$70 -> 0 | BI103: =年末調整1!$AB$70 -> 0 | BK103: =年末調整1!$AF$70 -> 0 | BS103: 個人番号 | BX103: =DBCS(年末調整1!$X$58) | CE103: =DBCS(年末調整1!$AB$58) | CK103: =DBCS(年末調整1!$AF$58) | CU103: 個人番号 | CZ103: =DBCS(年末調整1!$X$80) | DG103: =DBCS(年末調整1!$AB$80) | DM103: =DBCS(年末調整1!$AF$80) | DU103: =年末調整1!$X$70 -> 0 | DW103: =年末調整1!$AB$70 -> 0 | DY103: =年末調整1!$AF$70 -> 0
D104: 3 | E104: （フリガナ） | J104: =年末調整1!$G$61 -> 0 | Y104: 区分 | AA104: =年末調整1!$V$61 -> 0 | AF104: 3 | AG104: （フリガナ） | AL104: =年末調整1!$H$83 -> 0 | BA104: 区分 | BC104: =年末調整1!$V$83 -> 0 | BR104: 3 | BS104: （フリガナ） | BX104: =年末調整1!$G$61 -> 0 | CM104: 区分 | CO104: =年末調整1!$V$61 -> 0 | CT104: 3 | CU104: （フリガナ） | CZ104: =年末調整1!$H$83 -> 0 | DO104: 区分 | DQ104: =年末調整1!$V$83 -> 0
E105: 氏名 | J105: =年末調整1!$G$62 -> 0 | AG105: 氏名 | AL105: =年末調整1!$G$84 -> 0 | BF105: ５人目以降の１６歳未満の扶養親族等の個人番号 | BS105: 氏名 | BX105: =年末調整1!$G$62 -> 0 | CU105: 氏名 | CZ105: =年末調整1!$G$84 -> 0 | DT105: ５人目以降の１６歳未満の扶養親族等の個人番号
E106: 個人番号 | J106: =DBCS(年末調整1!$X$61) | Q106: =DBCS(年末調整1!$AB$61) | W106: =DBCS(年末調整1!$AF$61) | AG106: 個人番号 | AL106: =DBCS(年末調整1!$X$83) | AS106: =DBCS(年末調整1!$AB$83) | AY106: =DBCS(年末調整1!$AF$83) | BS106: 個人番号 | BX106: =DBCS(年末調整1!$X$61) | CE106: =DBCS(年末調整1!$AB$61) | CK106: =DBCS(年末調整1!$AF$61) | CU106: 個人番号 | CZ106: =DBCS(年末調整1!$X$83) | DG106: =DBCS(年末調整1!$AB$83) | DM106: =DBCS(年末調整1!$AF$83)
D107: 4 | E107: （フリガナ） | J107: =年末調整1!$G$64 -> 0 | Y107: 区分 | AA107: =年末調整1!$V$64 -> 0 | AF107: 4 | AG107: （フリガナ） | AL107: =年末調整1!$H$86 -> 0 | BA107: 区分 | BC107: =年末調整1!$V$86 -> 0 | BR107: 4 | BS107: （フリガナ） | BX107: =年末調整1!$G$64 -> 0 | CM107: 区分 | CO107: =年末調整1!$V$64 -> 0 | CT107: 4 | CU107: （フリガナ） | CZ107: =年末調整1!$H$86 -> 0 | DO107: 区分 | DQ107: =年末調整1!$V$86 -> 0
E108: 氏名 | J108: =年末調整1!$G$65 -> 0 | AG108: 氏名 | AL108: =年末調整1!$G$87 -> 0 | BS108: 氏名 | BX108: =年末調整1!$G$65 -> 0 | CU108: 氏名 | CZ108: =年末調整1!$G$87 -> 0
E109: 個人番号 | J109: =DBCS(年末調整1!$X$64) | Q109: =DBCS(年末調整1!$AB$64) | W109: =DBCS(年末調整1!$AF$64) | AG109: 個人番号 | AL109: =DBCS(年末調整1!$X$86) | AS109: =DBCS(年末調整1!$AB$86) | AY109: =DBCS(年末調整1!$AF$86) | BS109: 個人番号 | BX109: =DBCS(年末調整1!$X$64) | CE109: =DBCS(年末調整1!$AB$64) | CK109: =DBCS(年末調整1!$AF$64) | CU109: 個人番号 | CZ109: =DBCS(年末調整1!$X$86) | DG109: =DBCS(年末調整1!$AB$86) | DM109: =DBCS(年末調整1!$AF$86)
B110: 未成年者 | E110: 外国人 | H110: 死亡退職 | K110: 災害者 | N110: 乙欄 | Q110: 本人が障害者 | W110: 寡婦 | Z110: ひとり親 | AC110: 勤労学生 | AG110: 中途・就退職 | AV110: 受 給 者 生 年 月 日 | BP110: 未成年者 | BS110: 外国人 | BV110: 死亡退職 | BY110: 災害者 | CB110: 乙欄 | CE110: 本人が障害者 | CK110: 寡婦 | CN110: ひとり親 | CQ110: 勤労学生 | CU110: 中途・就退職 | DJ110: 受 給 者 生 年 月 日
Q111: 特別 | T111: その他 | CE111: 特別 | CH111: その他
AG112: 就職 | AJ112: 退職 | AM112: 年 | AP112: 月 | AS112: 日 | AV112: 元号 | BE112: 年 | BH112: 月 | BK112: 日 | CU112: 就職 | CX112: 退職 | DA112: 年 | DD112: 月 | DG112: 日 | DJ112: 元号 | DS112: 年 | DV112: 月 | DY112: 日
A114: （市区町村提出用） | B114: =年末調整1!$C$10 -> 0 | E114: =年末調整1!$E$10 -> 0 | H114: =年末調整1!$G$10 -> 0 | K114: =年末調整1!$I$10 -> 0 | N114: =年末調整1!$K$10 -> 0 | Q114: =年末調整1!$M$10 -> 0 | T114: =年末調整1!$O$10 -> 0 | W114: =年末調整1!$Q$10 -> 0 | Z114: =年末調整1!$S$10 -> 0 | AC114: =年末調整1!$U$10 -> 0 | AG114: =従業員情報!$H$30 -> 0 | AM114: =従業員情報!$N$30 -> 0 | AP114: =従業員情報!$Q$30 -> 0 | AS114: =従業員情報!$T$30 -> 0 | AV114: =従業員情報!$H$22 -> 0 | BE114: =従業員情報!$L$22 -> 3 | BH114: =従業員情報!$N$22 -> 4 | BK114: =従業員情報!$P$22 -> 5 | BO114: （市区町村提出用） | BP114: =年末調整1!$C$10 -> 0 | BS114: =年末調整1!$E$10 -> 0 | BV114: =年末調整1!$G$10 -> 0 | BY114: =年末調整1!$I$10 -> 0 | CB114: =年末調整1!$K$10 -> 0 | CE114: =年末調整1!$M$10 -> 0 | CH114: =年末調整1!$O$10 -> 0 | CK114: =年末調整1!$Q$10 -> 0 | CN114: =年末調整1!$S$10 -> 0 | CQ114: =年末調整1!$U$10 -> 0 | CU114: =従業員情報!$H$30 -> 0 | DA114: =従業員情報!$N$30 -> 0 | DD114: =従業員情報!$Q$30 -> 0 | DG114: =従業員情報!$T$30 -> 0 | DJ114: =従業員情報!$H$22 -> 0 | DS114: =従業員情報!$L$22 -> 3 | DV114: =従業員情報!$N$22 -> 4 | DY114: =従業員情報!$P$22 -> 5
AJ115: =従業員情報!$K$30 -> 0 | AM115: =従業員情報!$K$33 -> 0 | AP115: =従業員情報!#REF! -> #REF! | AS115: =従業員情報!#REF! -> #REF! | CX115: =従業員情報!$K$30 -> 0 | DA115: =従業員情報!$K$33 -> 0 | DD115: =従業員情報!#REF! -> #REF! | DG115: =従業員情報!#REF! -> #REF!
B116: 支 払 者 | E116: 個人番号又は 法人番号 | L116: =DBCS(事業者情報!$I$12) | N116: =DBCS(事業者情報!$J$12) | V116: =DBCS(事業者情報!$M$12) | AD116: =DBCS(事業者情報!$P$12) | AL116: （右詰で記載してください。） | BP116: 支 払 者 | BS116: 個人番号又は 法人番号 | BZ116: =DBCS(事業者情報!$I$12) | CB116: =DBCS(事業者情報!$J$12) | CJ116: =DBCS(事業者情報!$M$12) | CR116: =DBCS(事業者情報!$P$12) | CZ116: （右詰で記載してください。）
E117: 住所（居所） 又は所在地 | L117: =事業者情報!$I$9 -> 0 | BS117: 住所（居所） 又は所在地 | BZ117: =事業者情報!$I$9 -> 0
E118: 氏名又は名称 | L118: =事業者情報!$I$10 -> 0 | AV118: （電話） | AZ118: =事業者情報!$I$11 -> 0 | BS118: 氏名又は名称 | BZ118: =事業者情報!$I$10 -> 0 | DJ118: （電話） | DN118: =事業者情報!$I$11 -> 0

Sheet 給与所得
C2: 支払者の氏名・名称 | F2: 収入金額（税込）
F3: =年末調整2!N7 -> 0
C6: 合計 | F6: =SUM(F3:G5) -> 0
G7: [A]
C9: [A]の金額 | F9: 給与所得の金額
C10: ～740,999円 | F10: 0 | H10: =IF(F6<=740999,0,0) -> 0 | L10: 円
C11: 741,000～2,190,999 | F11: [A]－740,000円 | H11: =IF(AND(741000<=F6,F6<=2190999),MAX(F6-740000,0),0) -> 0 | L11: 円
C12: 2,191,000～2,192,999 | F12: 1451000 | H12: =IF(AND(F6>=2191000,F6<=2192999),F12,0) -> 0 | L12: 円
C13: 2,193,000～2,195,999 | F13: 1453000 | H13: =IF(AND(F6>=2193000,F6<=2195999),F13,0) -> 0 | L13: 円
C14: 2,196,000～2,199,999 | F14: 1456000 | H14: =IF(AND(F6>=2196000,F6<=2199999),F14,0) -> 0 | L14: 円
L15: 円
H16: [B] | L16: 円
C18: 2,200,000円～3,599,999円 | F18: [A]÷4（千円未満切捨） | I18: [B]×2.8－80,000円 | L18: 円
F19: =IF(AND(2200000<=F6,F6<=3599999),ROUNDDOWN(F6/4,-3),0) -> 0 | I19: =MAX(F19*2.8-80000,0) -> 0
C20: 3,600,000～6,599,999円 | F20: [A]÷4（千円未満切捨） | I20: [B]×3.2－440,000円 | L20: 円
F21: =IF(AND(3600000<=F6,F6<=6599999),ROUNDDOWN(F6/4,-3),0) -> 0 | I21: =MAX(F21*3.2-440000,0) -> 0
C22: 6,600,000円～8,499,999円 | F22: [A]×0.9－1,100,000円 | L22: 円
F23: =ROUNDDOWN(IF(AND(6600000<=F6,F6<=8499999),F6*0.9-1100000,0),0) -> 0
C24: 8,500,000～ | F24: [A]－1,950,000円 | L24: 円
F25: =ROUNDDOWN(IF(8500000<=F6,F6-1950000,0),0) -> 0
C27: 給与所得金額 | H27: =SUM(H10:K15,I17,I19,I21,F23,F25,) -> 0

Sheet 給与所得 (配偶者)
C2: 支払者の氏名・名称 | F2: 収入金額（税込）
F3: =年末調整1!AT25 -> 0
C6: 合計 | F6: =SUM(F3:G5) -> 0
G7: [A]
C9: [A]の金額 | F9: 給与所得の金額
C10: ～740,999円 | F10: 0 | H10: =IF(F6<=740999,0,0) -> 0 | L10: 円
C11: 741,000～2,190,999 | F11: [A]－740,000円 | H11: =IF(AND(741000<=F6,F6<=2190999),MAX(F6-740000,0),0) -> 0 | L11: 円
C12: 2,191,000～2,192,999 | F12: 1451000 | H12: =IF(AND(F6>=2191000,F6<=2192999),F12,0) -> 0 | L12: 円
C13: 2,193,000～2,195,999 | F13: 1453000 | H13: =IF(AND(F6>=2193000,F6<=2195999),F13,0) -> 0 | L13: 円
C14: 2,196,000～2,199,999 | F14: 1456000 | H14: =IF(AND(F6>=2196000,F6<=2199999),F14,0) -> 0 | L14: 円
L15: 円
H16: [B] | L16: 円
C18: 2,200,000円～3,599,999円 | F18: [A]÷4（千円未満切捨） | I18: [B]×2.8－80,000円 | L18: 円
F19: =IF(AND(2200000<=F6,F6<=3599999),ROUNDDOWN(F6/4,-3),0) -> 0 | I19: =MAX(F19*2.8-80000,0) -> 0
C20: 3,600,000～6,599,999円 | F20: [A]÷4（千円未満切捨） | I20: [B]×3.2－440,000円 | L20: 円
F21: =IF(AND(3600000<=F6,F6<=6599999),ROUNDDOWN(F6/4,-3),0) -> 0 | I21: =MAX(F21*3.2-440000,0) -> 0
C22: 6,600,000円～8,499,999円 | F22: [A]×0.9－1,100,000円 | L22: 円
F23: =ROUNDDOWN(IF(AND(6600000<=F6,F6<=8499999),F6*0.9-1100000,0),0) -> 0
C24: 8,500,000～ | F24: [A]－1,950,000円 | L24: 円
F25: =ROUNDDOWN(IF(8500000<=F6,F6-1950000,0),0) -> 0
C27: 給与所得金額 | H27: =SUM(H10:K15,I17,I19,I21,F23,F25) -> 0

Sheet 税額
A1: 税額の計算
E2: 平成27年度から用
D4: 課税される所得金額 | G4: =年末調整2!N24 -> 0 | J4: [C]
D6: [C]の金額 | G6: 課税される所得金額に対する税額
D7: 0円 | G7: 0 | J7: [D]
D8: 1,000円～1,949,000円 | G8: [C]×0.05
G9: =IF(AND(1000<=$G$4,$G$4<=1949000),$G$4*0.05,0) -> 0
D10: 1,950,000円～3,299,000円 | G10: [C]×0.1-97,500円
G11: =IF(AND(1950000<=$G$4,$G$4<=3299000),$G$4*0.1-97500,0) -> 0
D12: 3,300,000円～6,949,000円 | G12: [C]×0.2-427,500円
G13: =IF(AND(3300000<=$G$4,$G$4<=6949000),$G$4*0.2-427500,0) -> 0
D14: 6,950,000円～8,999,000円 | G14: [C]×0.23-636,000円
G15: =IF(AND(6950000<=$G$4,$G$4<=8999000),$G$4*0.23-636000,0) -> 0
D16: 9,000,000円～17,999,000円 | G16: [C]×0.33-1,536,000円
G17: =IF(AND(9000000<=$G$4,$G$4<=17999000),$G$4*0.33-1536000,0) -> 0
D18: 18,000,000円～39,999,000円 | G18: [C]×0.4-2,796,000円
G19: =IF(AND(18000000<=$G$4,$G$4<=39999000),$G$4*0.4-2796000,0) -> 0
D20: 40,000,000円～ | G20: [C]×0.45-4,796,000円
G21: =IF(40000000<=$G$4,$G$4*0.45-4796000,0) -> 0
D23: 課税される所得金額に対する税額 | G23: =G7+G9+G11+G13+G15+G17+G19+G21 -> 0
